Workbook
Name DATA: #REF!
Name DATA: #REF!
Name DATA: #REF!
Name DATA: #REF!
Name DATA: #REF!
Name dt: #REF!
Name dt: #REF!
Name dt: #REF!
Name dt: #REF!
Name dt: #REF!
Name empolo3: #REF!
Name empolo3: #REF!
Name empolo3: #REF!
Name empolo3: #REF!
Name empolo3: #REF!
Name Fir: #REF!
Name Fir: #REF!
Name Fir: #REF!
Name Fir: #REF!
Name Fir: #REF!
Name ic: '[5]Desmatamento '!$L$10
Name me: #REF!
Name me: #REF!
Name me: #REF!
Name me: #REF!
Name me: #REF!

Sheet QUADRO RESUMO
B2: PREFEITURA MUNICIPAL DE ARIPUANÃ - MT DEPARTAMENTO DE ENGENHARIA CIVIL Praça São Francisco de Assis, 128, Caixa Postal 91 – CEP 78.325-000, Aripuanã – MT, Fone : (66) 3565 – 3900 / 3565 3927 www.engenharia@aripuana.mt.gov.br
B3: Obra: | C3: PRESTAÇÃO DE SERVIÇOS PARA DESMATAMENTO, DESTOCAMENTO, LIMPEZA DE ÁREA, RECONFORMAÇÃO E RECUPERAÇÃO AMBIENTAL DE JAZIDAS E DOS BORDOS REFERENTE A OBRA DE PAVIMENTAÇÃO DA RODOVIA MT 208 | I3: BDI: 27,42%
B4: Local: | C4: ='PLAN ORÇAMENTÁRIA'!C4 -> RODOVIA MT 208 - SENTIDO TUTILÂNDIA - ARIPUANÃ - MT | H4: REFERÊNCIA CUSTO: SICRO/DNIT/MT ABRIL/2022
B5: Prop.: | C5: PREFEITURA MUNICIPAL DE ARIPUANÃ
B6: RESUMO DA PLANILHA ORÇAMENTARIA
B7: ITEM | C7: DESCRIÇÃO | H7: VALOR | I7: %
B8: 1.0 | C8: ='PLAN ORÇAMENTÁRIA'!D9 -> SERVIÇOS INICIAIS | H8: ='PLAN ORÇAMENTÁRIA'!O10 -> 1669.375 | I8: =H8/$H$13 -> 0.00023329876
B9: 2.0 | C9: ='PLAN ORÇAMENTÁRIA'!D12 -> TERRAPLENAGEM | H9: ='PLAN ORÇAMENTÁRIA'!O13 -> 0 | I9: =H9/$H$13 -> 0
B10: 2.0 | C10: ='PLAN ORÇAMENTÁRIA'!D15 -> RECUPERAÇÃO AMBIENTAL | H10: ='PLAN ORÇAMENTÁRIA'!O16 -> 3748382.4 | I10: =H10/$H$13 -> 0.52384453
B11: 3.0 | C11: ='PLAN ORÇAMENTÁRIA'!D23 -> SINALIZAÇÃO E DISPOSITIVOS DE SEGURANÇA | H11: ='PLAN ORÇAMENTÁRIA'!O24 -> 978748.95 | I11: =H11/$H$13 -> 0.13678228
B12: 4.0 | C12: ='PLAN ORÇAMENTÁRIA'!D29 -> OBRAS COMPLEMENTARES | H12: ='PLAN ORÇAMENTÁRIA'!O30 -> 2426723.8 | I12: =H12/$H$13 -> 0.33913989
B13: VALOR TOTAL | H13: =SUM(H8:H12) -> 7155524.6 | I13: =SUM(I8:I12) -> 1
D16: ='PLAN ORÇAMENTÁRIA'!B35 -> Aripuanã/MT, 23 de Março de 2023.

Sheet PLAN ORÇAMENTÁRIA
B2: PREFEITURA MUNICIPAL DE ARIPUANÃ - MT DEPARTAMENTO DE ENGENHARIA CIVIL Praça São Francisco de Assis, 128, Caixa Postal 91 – CEP 78.325-000, Aripuanã – MT, Fone : (66) 3565 – 3900 / 3565 3927 www.engenharia@aripuana.mt.gov.br
B3: Obra: | C3: ='QUADRO RESUMO'!C3:H3 -> PRESTAÇÃO DE SERVIÇOS PARA DESMATAMENTO, DESTOCAMENTO, LIMPEZA DE ÁREA, RECONFORMAÇÃO E RECUPERAÇÃO AMBIENTAL DE JAZIDAS E DOS BORDOS REFERENTE A OBRA DE PAVIMENTAÇÃO DA RODOVIA MT 208
B4: Local: | C4: RODOVIA MT 208 - SENTIDO TUTILÂNDIA - ARIPUANÃ - MT | O4: BDI:
B5: Prop: | C5: PREFEITURA MUNICIPAL DE ARIPUANÃ/MT | L5: TAB. DE REF. CUSTO: SINAPI 10/2022 NÃO DESONERADA SICRO/DNIT/MT JULHO 2022 | O5: =B.D.I!E20 -> 0.27417714 | Q5: PROPOSTA
B6: Valor: | C6: =O34 -> 7155524.6
B7: PLANILHA ORÇAMENTÁRIA
B8: ITEM | C8: CÓD/REF | D8: DESCRIÇÃO DO ITEM | E8: UNID | F8: QUANT PROJETO | G8: 1º LICITAÇÃO | H8: 2º LICITAÇÃO | I8: EXEC. PRÓPRIA | J8: ADITIVO | K8: QUANT. A LICITAR | L8: PREÇO UNIT SEM BDI | M8: PREÇO UNIT COM BDI | N8: VALOR TOTAL | O8: TOTAL DO ITEM | P8: (%) | Q8: % | R8: P.UNIT, | S8: VALOR PARCIAL | T8: TOTAL DO ITEM | U8: (%)
B9: 1.0 | D9: SERVIÇOS INICIAIS
B10: 1.1 | C10: PMA CIV 001 | D10: PLACA DE IDENTIFICAÇÃO DE OBRA EM AÇO GALVANIZADO 1,25X2,00 MT | E10: M² | K10: 2.5 | L10: 524.07 | M10: =TRUNC(L10*(1+$O$5),2) -> 667.75 | N10: =M10*K10 -> 1669.375 | O10: =N11 -> 1669.375 | P10: =O10/O34 -> 0.00023329876
D11: TOTAL DO ITEM | N11: =SUM(N4:N10) -> 1669.375
B12: 2.0 | D12: TERRAPLENAGEM
B13: 2.1 | C13: 5501700 | D13: DESMATAMENTO, DESTOCAMENTO, LIMPEZA DE ÁREA E ESTOCAGEM DO MATERIAL DE LIMPEZA COM ÁRVORES DE DIÂMETRO ATÉ 0,15 M - (ESTACA INICIAL: 00 / ESTACA FINAL: 1080) | E13: M² | F13: 1667800 | G13: 866996.82 | I13: 800803.18 | K13: =F13-(G13+H13+I13+J13) -> 0 | L13: 0.56 | M13: =TRUNC(L13*(1+$O$5),2) -> 0.71 | N13: =M13*K13 -> 0 | O13: =N14 -> 0 | P13: =O13/O34 -> 0
D14: TOTAL DO ITEM | N14: =N13 -> 0
B15: 2.0 | D15: RECUPERAÇÃO AMBIENTAL
B16: 2.1 | C16: 4413905 | D16: HIDROSSEMEADURA ÁREA DE JAZIDA (ESTACA INICIAL: 780 / ESTACA FINAL: 2084+14,90) | E16: M2 | F16: 147000 | H16: 72000 | K16: =F16-(G16+H16+I16+J16) -> 75000 | L16: 6.32 | M16: =TRUNC(L16*(1+$O$5),2) -> 8.05 | N16: =M16*K16 -> 603750 | O16: =N22 -> 3748382.4 | P16: =O16/O34 -> 0.52384453 | Q16: 0 | R16: =M16-(M16*Q16) -> 8.05 | S16: =TRUNC(R16*F16,2) -> 1183350
B17: 2.2 | C17: CPU 01 | D17: REGULARIZAÇÃO E ESPALHAMENTO DE MAT. ORGÂNICO ÁREA DE JAZIDA | E17: M2 | F17: =F16 -> 147000 | H17: =H16 -> 72000 | K17: =F17-(G17+H17+I17+J17) -> 75000 | L17: =Planilha2!O24 -> 0.4 | M17: =TRUNC(L17*(1+$O$5),2) -> 0.5 | N17: =M17*K17 -> 37500
B18: 2.3 | C18: 4413905 | D18: HIDROSSEMEADURA ÁREA DE EMPRESTIMO (ESTACA: 1255;1740; 1770; 1900; 1950) | E18: M2 | F18: 471680 | H18: 163950 | K18: =F18-(G18+H18+I18+J18) -> 307730 | L18: =L16 -> 6.32 | M18: =TRUNC(L18*(1+$O$5),2) -> 8.05 | N18: =M18*K18 -> 2477226.5
B19: 2.4 | C19: CPU 01 | D19: REGULARIZAÇÃO E ESPALHAMENTO DE MAT. ORGÂNICO ÁREA DE EMPRÉSTIMO CONCENTRADO | E19: M2 | F19: =F18 -> 471680 | H19: =H18 -> 163950 | K19: =F19-(G19+H19+I19+J19) -> 307730 | L19: =L17 -> 0.4 | M19: =TRUNC(L19*(1+$O$5),2) -> 0.5 | N19: =M19*K19 -> 153865
B20: 2.5 | C20: 4413905 | D20: HIDROSSEMEADURA ÁREA DE TALUDES (CORTE E ATERRO) | E20: M2 | F20: 74758.8 | H20: 32858 | K20: =F20-(G20+H20+I20+J20) -> 41900.8 | L20: =L18 -> 6.32 | M20: =TRUNC(L20*(1+$O$5),2) -> 8.05 | N20: =M20*K20 -> 337301.44
B21: 2.6 | C21: 4413990 | D21: PLANTIO DE ARBUSTO (H=0,50) (JAZIDAS) (ESTACA INICIAL: 780 / ESTACA FINAL: 2084+14,90) | E21: UND | F21: 7470 | H21: 3600 | K21: =F21-(G21+H21+I21+J21) -> 3870 | L21: 28.14 | M21: =TRUNC(L21*(1+$O$5),2) -> 35.85 | N21: =M21*K21 -> 138739.5
D22: TOTAL DO ITEM | N22: =SUM(N16:N21) -> 3748382.4 | S22: =SUM(S15:S20) -> 1183350
B23: 3.0 | D23: SINALIZAÇÃO E DISPOSITIVOS DE SEGURANÇA
B24: 3.1 | C24: 5213401 | D24: PINTURA DE FAIXA - TINTA BASE ACRÍLICA P/ 2 ANOS (ESTACA INICIAL: 1315+12 / ESTACA FINAL: 2084+14,90) | E24: M² | F24: =12619.13*1.5 -> 18928.695 | H24: 3517.27 | J24: =3732.7+2761.54 -> 6494.24 | K24: =F24-(G24+H24+I24+J24) -> 8917.185 | L24: 37.98 | M24: =TRUNC(L24*(1+$O$5),2) -> 48.39 | N24: =M24*K24 -> 431502.58 | O24: =N28 -> 978748.95 | P24: =O24/O34 -> 0.13678228
B25: 3.2 | C25: 5213405 | D25: PINTURA DE SETAS E ZEBRADOS TINTA BASE ACRÍLICA P/ 2 ANOS | E25: M² | F25: 320 | K25: =F25-(G25+H25+I25+J25) -> 320 | L25: 51.27 | M25: =TRUNC(L25*(1+$O$5),2) -> 65.32 | N25: =M25*K25 -> 20902.4
B26: 3.3 | C26: 5213360 | D26: FORN. E COLOCAÇÃO DE TACHA REFLET. BIDIRECIONAL (ESTACA INICIAL: 1315+12 / ESTACA FINAL: 2084+14,90) | E26: UND | F26: 21226 | H26: 6220 | K26: =F26-(G26+H26+I26+J26) -> 15006 | L26: 24.8 | M26: =TRUNC(L26*(1+$O$5),2) -> 31.59 | N26: =M26*K26 -> 474039.54
B27: 3.4 | C27: 5213415 | D27: FORN. E IMPLATAÇÃO DE PLACA SINALIZ. TOT. REFLETIVA (ESTACA INICIAL: 1460 / ESTACA FINAL: 2068) | E27: M² | F27: 111.78 | H27: 49.98 | K27: =F27-(G27+H27+I27+J27) -> 61.8 | L27: 664.24 | M27: =TRUNC(L27*(1+$O$5),2) -> 846.35 | N27: =M27*K27 -> 52304.43
D28: TOTAL DO ITEM | N28: =SUM(N24:N27) -> 978748.95
B29: 4.0 | D29: OBRAS COMPLEMENTARES
B30: 4.1 | C30: 3713605 | D30: DEFENSA SEMI-MALEÁVEL SIMPLES (ESTACA INICIAL: 216 / ESTACA FINAL: 200m) | E30: M | F30: 1050 | H30: 230 | K30: =F30-(G30+H30+I30+J30) -> 820 | L30: 552.66 | M30: =TRUNC(L30*(1+$O$5),2) -> 704.18 | N30: =M30*K30 -> 577427.6 | O30: =N33 -> 2426723.8 | P30: =O30/O34 -> 0.33913989
B31: 4.2 | C31: 3713608 | D31: CERCA COM 4 FIOS DE ARAME FARPADO E MOURÃO DE MADEIRA A CADA 2,5M E ESTICADOR A CADA 50M. (ESTACA INICIAL: 2082 / ESTACA FINAL: 1707+447m) | E31: M | F31: 36880.2 | G31: 4397 | K31: =F31-(G31+H31+I31+J31) -> 32483.2 | L31: 21.19 | M31: =TRUNC(L31*(1+$O$5),2) -> 26.99 | N31: =M31*K31 -> 876721.57
B32: 4.3 | C32: 4915731 | D32: RECOMPOSIÇÃO PARCIAL CERCA DE MADEIRA (ESTACA INICIAL: 2084+14,909/ ESTACA FINAL: 1787+1812,10m) | E32: M | F32: 46499.8 | G32: 4397 | K32: =F32-(G32+H32+I32+J32) -> 42102.8 | L32: 18.13 | M32: =TRUNC(L32*(1+$O$5),2) -> 23.1 | N32: =M32*K32 -> 972574.68
D33: TOTAL DO ITEM | N33: =SUM(N30:N32) -> 2426723.8 | S33: =SUM(#REF!) -> #REF!
B34: TOTAL DA PLANILHA | O34: =O30+O24+O16+O13+O10 -> 7155524.6 | P34: =SUM(P10:P33) -> 1 | Q34: =1-(S34/1033883.3) -> #REF! | S34: =S33+#REF!+S22 -> #REF! | U34: =SUM(U15:U33) -> 0
B35: Aripuanã/MT, 23 de Março de 2023.

Sheet DESMATAMENTO
A2: PREFEITURA MUNICIPAL DE ARIPUANÃ - MT DEPARTAMENTO DE ENGENHARIA CIVIL Praça São Francisco de Assis, 128, Caixa Postal 91 – CEP 78.325-000, Aripuanã – MT, Fone : (66) 3565 – 3900 / 3565 3927 www.engenharia@aripuana.mt.gov.br
A3: Obra: | C3: ='PLAN ORÇAMENTÁRIA'!C3:P3 -> PRESTAÇÃO DE SERVIÇOS PARA DESMATAMENTO, DESTOCAMENTO, LIMPEZA DE ÁREA, RECONFORMAÇÃO E RECUPERAÇÃO AMBIENTAL DE JAZIDAS E DOS BORDOS REFERENTE A OBRA DE PAVIMENTAÇÃO DA RODOVIA MT 208
A4: Rodovia: | C4: RODOVIA MT 208 - SENTIDO TUTILÂNDIA - ARIPUANÃ - MT
A5: Extensão: | C5: 41,69KM
A6: PLANILHA PARA SERVIÇOS DE DESMATAMENTO E LIMPEZA
A7: Código: | B7: 5501700 | I7: Serviço:
A8: ESTACAS | H8: LADO (D/E) | I8: EXTENSÃO (M) | J8: LARGURA (M) | K8: ÁREA (M²) | L8: OBSERVAÇÃO
A9: EST. INICIAL | D9: FRAC. | E9: EST. FINAL | G9: FRAC.
A10: 0 | D10: 0 | E10: 550 | G10: 13.873 | H10: LD | I10: =(E10-A10)*20+(G10-D10) -> 11013.873 | J10: 20 | K10: =I10*J10 -> 220277.46
A11: 0 | D11: 0 | E11: 550 | G11: 13.873 | H11: LE | I11: =(E11-A11)*20+(G11-D11) -> 11013.873 | J11: 20 | K11: =I11*J11 -> 220277.46
A12: TOTAL | K12: =SUM(K10:K11) -> 440554.92
E15: Eng. Civil Flávia Maria Costa
E16: CREA/MT 031403

Sheet HID.JAZIDA
B2: PREFEITURA MUNICIPAL DE ARIPUANÃ - MT DEPARTAMENTO DE ENGENHARIA CIVIL Praça São Francisco de Assis, 128, Caixa Postal 91 – CEP 78.325-000, Aripuanã – MT, Fone : (66) 3565 – 3900 / 3565 3927 www.engenharia@aripuana.mt.gov.br
B3: Obra: | D3: =DESMATAMENTO!C3 -> PRESTAÇÃO DE SERVIÇOS PARA DESMATAMENTO, DESTOCAMENTO, LIMPEZA DE ÁREA, RECONFORMAÇÃO E RECUPERAÇÃO AMBIENTAL DE JAZIDAS E DOS BORDOS REFERENTE A OBRA DE PAVIMENTAÇÃO DA RODOVIA MT 208
B4: Local: | D4: RODOVIA MT 208 - SENTIDO TUTILÂNDIA - ARIPUANÃ - MT
B5: Extensão: | D5: 41,69KM
B7: Código: | E7: 4413905 | I7: Serviço: | J7: Hidrossemeadura
B8: PLANILHA PARA SERVIÇOS DE HIDROSSEMEADURA EM ÁREA DE JAZIDA E TRECHO COM ATERRO ELEVADO
B9: ESTACAS | H9: LADO (D/E) | I9: EXTENSÃO (M) | J9: LARGURA (M) | K9: ÁREA (M²) | L9: OBSERVAÇÃO
B11: 543 | F11: + | G11: 0 | H11: LE | I11: 100 | J11: 21.975 | K11: =I11*J11 -> 2197.5 | L11: J1 - BERNADINHO
B12: 543 | F12: + | G12: 0 | H12: LD | I12: 304.5 | J12: 45 | K12: =I12*J12 -> 13702.5 | L12: 2- GORDO DO PINHEIRO
B13: 460 | H13: LD | I13: 300 | J13: 25 | K13: =I13*J13 -> 7500 | L13: J3- ZEZINHO
B14: 366 | H14: LD | I14: 100 | J14: 100 | K14: =I14*J14 -> 10000 | L14: J4-CLOVINHO
B15: 350 | H15: LD | I15: 200 | J15: 50 | K15: =I15*J15 -> 10000 | L15: J5- POLACO
B16: 320 | H16: LE | I16: 80 | J16: 100 | K16: =I16*J16 -> 8000 | L16: J6-MARCÃO
B17: 308 | H17: LE | I17: 90 | J17: 40 | K17: =I17*J17 -> 3600 | L17: J7- WELIMTON
B18: 308 | H18: LD | I18: 150 | J18: 100 | K18: =I18*J18 -> 15000 | L18: J8- NEREU
B19: 260 | H19: LD | I19: 100 | J19: 50 | K19: =I19*J19 -> 5000 | L19: J9- CAPIVARA
B20: TOTAL | K20: =SUM(K11:K19) -> 75000
B22: Código: | D22: 4413905 | I22: Serviço: | J22: Hidrossemeadura
B23: PLANILHA PARA SERVIÇOS DE HIDROSSEMEADURA EM EMPRÉSTIMOS CONCENTRADOS
B24: ESTACAS | H24: LADO (D/E) | I24: EXTENSÃO (M) | J24: LARGURA (M) | K24: ÁREA (M²) | L24: OBSERVAÇÃO
B26: 950 | F26: + | G26: 0 | H26: LD | I26: 150 | J26: 27 | K26: =I26*J26 -> 4050 | L26: EC1
B27: 800 | F27: + | G27: 0 | H27: LD | I27: 100 | J27: 23 | K27: =I27*J27 -> 2300 | L27: EC2
B28: 530 | H28: LD | I28: 100 | J28: 24 | K28: =I28*J28 -> 2400 | L28: EC3
B29: 390 | H29: LD | I29: 150 | J29: 28 | K29: =I29*J29 -> 4200 | L29: EC4
B30: 245 | H30: LE | I30: 150 | J30: 28 | K30: =I30*J30 -> 4200 | L30: EC5
B31: 245 | H31: LD | I31: 150 | J31: 26.86665 | K31: =I31*J31 -> 4029.9975 | L31: EC6
B32: 140 | H32: LD | I32: 250 | J32: 23 | K32: =I32*J32 -> 5750 | L32: EC7
B33: 540-1080 | H33: LD | I33: 1849 | J33: 13 | K33: =I33*J33 -> 24037 | L33: EL1
B34: 540-1080 | H34: LE | I34: 1849 | J34: 13 | K34: =I34*J34 -> 24037 | L34: EL2
B35: TOTAL | K35: =SUM(K26:K34) -> 75003.997
B37: Código: | D37: 4413905 | I37: Serviço: | J37: Hidrossemeadura
B38: PLANILHA PARA SERVIÇOS DE HIDROSSEMEADURA EM ÁREAS DE TALUDE
B39: ESTACAS | H39: LADO (D/E) | I39: EXTENSÃO (M) | J39: LARGURA (M) | K39: ÁREA (M²) | L39: OBSERVAÇÃO
B41: 540 - 1080 | F41: + | G41: 0 | H41: LD | I41: 10800 | J41: 1.939852 | K41: =I41*J41 -> 20950.402
B42: 540 - 1080 | F42: + | G42: 0 | H42: LE | I42: 10800 | J42: 1.939852 | K42: =I42*J42 -> 20950.402
B44: TOTAL | K44: =SUM(K41:K43) -> 41900.803 | M44: =K44+K35 -> 116904.8
B47: Código: | E47: CPU 01 | I47: Serviço: | J47: Hidrossemeadura
B48: PLANILHA PARA SERVIÇOS DE REGULARIZAÇÃO E ESPELHAMENTO DE MAT. ORG. - AREA EMPR. CONCENTRADO
B49: ESTACAS | H49: LADO (D/E) | I49: EXTENSÃO (M) | J49: LARGURA (M) | K49: ÁREA (M²) | L49: OBSERVAÇÃO
B51: 950 | F51: + | G51: 0 | H51: LD | I51: 150 | J51: 27 | K51: =I51*J51 -> 4050 | L51: EC1
B52: 800 | F52: + | G52: 0 | H52: LD | I52: 100 | J52: 23 | K52: =I52*J52 -> 2300 | L52: EC2
B53: 530 | H53: LD | I53: 100 | J53: 24 | K53: =I53*J53 -> 2400 | L53: EC3
B54: 390 | H54: LD | I54: 150 | J54: 28 | K54: =I54*J54 -> 4200 | L54: EC4
B55: 245 | H55: LE | I55: 150 | J55: 28 | K55: =I55*J55 -> 4200 | L55: EC5
B56: 245 | H56: LD | I56: 150 | J56: 26.86665 | K56: =I56*J56 -> 4029.9975 | L56: EC6
B57: 140 | H57: LD | I57: 250 | J57: 23 | K57: =I57*J57 -> 5750 | L57: EC7
B58: 540-1080 | H58: LD | I58: =I33 -> 1849 | J58: 13 | K58: =I58*J58 -> 24037 | L58: EL1
B59: 540-1080 | H59: LE | I59: =I58 -> 1849 | J59: 13 | K59: =I59*J59 -> 24037 | L59: EL2
B60: TOTAL | K60: =SUM(K51:K59) -> 75003.997
I64: Eng. Civil Flávia Maria Costa CREA/MT 031403

Sheet EMP.
B2: PREFEITURA MUNICIPAL DE ARIPUANÃ - MT DEPARTAMENTO DE ENGENHARIA CIVIL Praça São Francisco de Assis, 128, Caixa Postal 91 – CEP 78.325-000, Aripuanã – MT, Fone : (66) 3565 – 3900 / 3565 3927 www.engenharia@aripuana.mt.gov.br
B3: Obra: | D3: =HID.JAZIDA!D3 -> PRESTAÇÃO DE SERVIÇOS PARA DESMATAMENTO, DESTOCAMENTO, LIMPEZA DE ÁREA, RECONFORMAÇÃO E RECUPERAÇÃO AMBIENTAL DE JAZIDAS E DOS BORDOS REFERENTE A OBRA DE PAVIMENTAÇÃO DA RODOVIA MT 208
B4: Rodovia: | D4: RODOVIA MT 208 - SENTIDO TUTILÂNDIA - ARIPUANÃ - MT
B5: Extensão: | D5: 41,69KM
B6: PLANILHA PARA SERVIÇOS DE REGULARIZAÇÃO MECANICA DE EMPRESTIMO LATERAL
B7: Código: | D7: CPU 01
B8: ESTACAS | H8: LADO (D/E) | I8: EXTENSÃO (M) | J8: LARGURA (M) | K8: ÁREA (M²) | L8: OBSERVAÇÃO
B10: 950 | F10: + | G10: 0 | H10: LD | I10: 150 | J10: 27 | K10: =I10*J10 -> 4050 | L10: EC1
B11: 800 | F11: + | G11: 0 | H11: LD | I11: 100 | J11: 23 | K11: =I11*J11 -> 2300 | L11: EC2
B12: 530 | H12: LD | I12: 100 | J12: 24 | K12: =I12*J12 -> 2400 | L12: EC3
B13: 390 | H13: LD | I13: 150 | J13: 28 | K13: =I13*J13 -> 4200 | L13: EC4
B14: 245 | H14: LE | I14: 150 | J14: 28 | K14: =I14*J14 -> 4200 | L14: EC5
B15: 245 | H15: LD | I15: 150 | J15: 26.86665 | K15: =I15*J15 -> 4029.9975 | L15: EC6
B16: 140 | H16: LD | I16: 250 | J16: 23 | K16: =I16*J16 -> 5750 | L16: EC7
B17: 540-1080 | H17: LD | I17: 10800 | J17: 13 | K17: =I17*J17 -> 140400 | L17: EL1
B18: 540-1080 | H18: LE | I18: 10800 | J18: 13 | K18: =I18*J18 -> 140400 | L18: EL2
B19: TOTAL | K19: =SUM(K10:K18) -> 307730
J23: Eng. Civil Flávia Maria Costa
J24: CREA/MT 031403

Sheet Hidrossem.Jazidas e aterro
B2: PREFEITURA MUNICIPAL DE ARIPUANÃ - MT DEPARTAMENTO DE ENGENHARIA CIVIL Praça São Francisco de Assis, 128, Caixa Postal 91 – CEP 78.325-000, Aripuanã – MT, Fone : (66) 3565 – 3900 / 3565 3927 www.engenharia@aripuana.mt.gov.br
B3: Obra: | D3: PRESTAÇÃO DE SERVIÇOS PARA IMPLANTAÇÃO DE SINALIZAÇÃO E PINTURA, RECONFORMAÇÃO E RECUPERAÇÃO AMBIENTAL DE JAZIDAS E DOS BORDOS REFERENTE A OBRA DE PAVIMENTAÇÃO DA RODOVIA MT 208
B4: Local: | D4: RODOVIA MT 208 - SENTIDO TUTILÂNDIA - ARIPUANÃ - MT
B5: Extensão: | D5: 41,69KM
B7: Código: | E7: 4413905 | I7: Serviço: | J7: Hidrossemeadura
B8: PLANILHA PARA SERVIÇOS DE HIDROSSEMEADURA EM ÁREA DE JAZIDA E TRECHO COM ATERRO ELEVADO
B9: ESTACAS | H9: LADO (D/E) | I9: EXTENSÃO (M) | J9: LARGURA (M) | K9: ÁREA (M²) | L9: OBSERVAÇÃO
B11: 543 | F11: + | G11: 0 | H11: LE | I11: 100 | J11: 50 | K11: =I11*J11 -> 5000 | L11: J1 - BERNADINHO
B12: 543 | F12: + | G12: 0 | H12: LD | I12: 200 | J12: 90 | K12: =I12*J12 -> 18000 | L12: 2- GORDO DO PINHEIRO
B13: 460 | H13: LD | I13: 200 | J13: 50 | K13: =I13*J13 -> 10000 | L13: J3- ZEZINHO
B14: 366 | H14: LD | I14: 100 | J14: 200 | K14: =I14*J14 -> 20000 | L14: J4-CLOVINHO
B15: 350 | H15: LD | I15: 200 | J15: 100 | K15: =I15*J15 -> 20000 | L15: J5- POLACO
B16: 320 | H16: LE | I16: 80 | J16: 205 | K16: =I16*J16 -> 16400 | L16: J6-MARCÃO
B17: 308 | H17: LE | I17: 90 | J17: 90 | K17: =I17*J17 -> 8100 | L17: J7- WELIMTON
B18: 308 | H18: LD | I18: 150 | J18: 300 | K18: =I18*J18 -> 45000 | L18: J8- NEREU
B19: 260 | H19: LD | I19: 100 | J19: 50 | K19: =I19*J19 -> 5000 | L19: J9- CAPIVARA
B20: TOTAL | K20: =SUM(K11:K19) -> 147500
B22: Código: | D22: 4413905 | I22: Serviço: | J22: Hidrossemeadura
B23: PLANILHA PARA SERVIÇOS DE HIDROSSEMEADURA EM EMPRÉSTIMOS
B24: ESTACAS | H24: LADO (D/E) | I24: EXTENSÃO (M) | J24: LARGURA (M) | K24: ÁREA (M²) | L24: OBSERVAÇÃO
B26: 950 | F26: + | G26: 0 | H26: LD | I26: 150 | J26: 6 | K26: =I26*J26 -> 900 | L26: EC1
B27: 800 | F27: + | G27: 0 | H27: LD | I27: 100 | J27: 6 | K27: =I27*J27 -> 600 | L27: EC2
B28: 530 | H28: LD | I28: 100 | J28: 6 | K28: =I28*J28 -> 600 | L28: EC3
B29: 390 | H29: LD | I29: 150 | J29: 6 | K29: =I29*J29 -> 900 | L29: EC4
B30: 245 | H30: LE | I30: 150 | J30: 6 | K30: =I30*J30 -> 900 | L30: EC5
B31: 245 | H31: LD | I31: 150 | J31: 6 | K31: =I31*J31 -> 900 | L31: EC6
B32: 140 | H32: LD | I32: 250 | J32: 6 | K32: =I32*J32 -> 1500 | L32: EC7
B33: 0-1760 | H33: LD | I33: 18950 | J33: 4 | K33: =I33*J33 -> 75800 | L33: EL1
B34: 0-1760 | H34: LE | I34: 18950 | J34: 4 | K34: =I34*J34 -> 75800 | L34: EL2
B35: TOTAL | K35: =SUM(K26:K34) -> 157900
B37: Código: | D37: 4413905 | I37: Serviço: | J37: Hidrossemeadura
B38: PLANILHA PARA SERVIÇOS DE HIDROSSEMEADURA EM ÁREAS DE TALUDE
B39: ESTACAS | H39: LADO (D/E) | I39: EXTENSÃO (M) | J39: LARGURA (M) | K39: ÁREA (M²) | L39: OBSERVAÇÃO
F41: + | G41: 0 | H41: LD | I41: 9350 | J41: 4 | K41: =I41*J41 -> 37400
F42: + | G42: 0 | H42: LE | I42: 9750 | J42: 4 | K42: =I42*J42 -> 39000
B44: TOTAL | K44: =SUM(K41:K43) -> 76400
B46: Código: | D46: CPU 01 | I46: Serviço: | J46: Hidrossemeadura
B47: PLANILHA PARA SERVIÇOS DE REGULARIZAÇÃO E ESPELHAMENTO DE MAT. ORG. - AREA DE JAZIDA
B48: ESTACAS | H48: LADO (D/E) | I48: EXTENSÃO (M) | J48: LARGURA (M) | K48: ÁREA (M²) | L48: OBSERVAÇÃO
B50: 543 | F50: + | G50: 0 | H50: LE | I50: 100 | J50: 50 | K50: =I50*J50 -> 5000
B51: 543 | F51: + | G51: 0 | H51: LD | I51: 200 | J51: 90 | K51: =I51*J51 -> 18000
B52: 460 | H52: LD | I52: 200 | J52: 50 | K52: =I52*J52 -> 10000
B53: 366 | H53: LD | I53: 100 | J53: 200 | K53: =I53*J53 -> 20000
B54: 350 | H54: LD | I54: 200 | J54: 100 | K54: =I54*J54 -> 20000
B55: 320 | H55: LE | I55: 80 | J55: 205 | K55: =I55*J55 -> 16400
B56: 308 | H56: LE | I56: 90 | J56: 90 | K56: =I56*J56 -> 8100
B57: 308 | H57: LD | I57: 150 | J57: 300 | K57: =I57*J57 -> 45000
B58: 260 | H58: LD | I58: 100 | J58: 50 | K58: =I58*J58 -> 5000
B59: TOTAL | K59: =SUM(K50:K58) -> 147500
B61: Código: | E61: CPU 01 | I61: Serviço: | J61: Hidrossemeadura
B62: PLANILHA PARA SERVIÇOS DE REGULARIZAÇÃO E ESPELHAMENTO DE MAT. ORG. - AREA EMPR. CONCENTRADO
B63: ESTACAS | H63: LADO (D/E) | I63: EXTENSÃO (M) | J63: LARGURA (M) | K63: ÁREA (M²) | L63: OBSERVAÇÃO
B65: 950 | F65: + | G65: 0 | H65: LD | I65: 150 | J65: 6 | K65: =I65*J65 -> 900 | O65: =I65+I66+I67+I68+I70+I71 -> 900
B66: 800 | F66: + | G66: 0 | H66: LD | I66: 100 | J66: 6 | K66: =I66*J66 -> 600
B67: 530 | H67: LD | I67: 100 | J67: 6 | K67: =I67*J67 -> 600
B68: 390 | H68: LD | I68: 150 | J68: 6 | K68: =I68*J68 -> 900
B69: 245 | H69: LE | I69: 150 | J69: 6 | K69: =I69*J69 -> 900
B70: 245 | H70: LD | I70: 150 | J70: 6 | K70: =I70*J70 -> 900
B71: 140 | H71: LD | I71: 250 | J71: 6 | K71: =I71*J71 -> 1500
B72: TOTAL | K72: =SUM(K65:K71) -> 6300
I76: Eng. Civil Flávia Maria Costa CREA/MT 031403

Sheet Reg. Mecanica de Emp. Lat.
B2: PREFEITURA MUNICIPAL DE ARIPUANÃ - MT DEPARTAMENTO DE ENGENHARIA CIVIL Praça São Francisco de Assis, 128, Caixa Postal 91 – CEP 78.325-000, Aripuanã – MT, Fone : (66) 3565 – 3900 / 3565 3927 www.engenharia@aripuana.mt.gov.br
B3: Obra: | D3: PRESTAÇÃO DE SERVIÇOS PARA IMPLANTAÇÃO DE SINALIZAÇÃO E PINTURA, RECONFORMAÇÃO E RECUPERAÇÃO AMBIENTAL DE JAZIDAS E DOS BORDOS REFERENTE A OBRA DE PAVIMENTAÇÃO DA RODOVIA MT 208
B4: Rodovia: | D4: RODOVIA MT 208 - SENTIDO TUTILÂNDIA - ARIPUANÃ - MT
B5: Extensão: | D5: 41,69KM
B6: PLANILHA PARA SERVIÇOS DE REGULARIZAÇÃO MECANICA DE EMPRESTIMO LATERAL
B7: Código: | D7: CPU 02 | I7: Serviço: | J7: Hidrossemeadura
B8: ESTACAS | H8: LADO (D/E) | I8: EXTENSÃO (M) | J8: LARGURA (M) | K8: ÁREA (M²) | L8: OBSERVAÇÃO
F10: + | G10: 0 | H10: LD | I10: 20650 | J10: 4 | K10: =I10*J10 -> 82600 | L10: CORTE E ATERRO
F11: + | G11: 0 | H11: LE | I11: 20250 | J11: 4 | K11: =I11*J11 -> 81000 | L11: CORTE E ATERRO
B12: TOTAL | K12: =SUM(K10:K11) -> 163600
I18: Eng. Civil Flávia Maria Costa CREA/MT 031403

Sheet ARBUSTO
A2: PREFEITURA MUNICIPAL DE ARIPUANÃ - MT DEPARTAMENTO DE ENGENHARIA CIVIL Praça São Francisco de Assis, 128, Caixa Postal 91 – CEP 78.325-000, Aripuanã – MT, Fone : (66) 3565 – 3900 / 3565 3927 www.engenharia@aripuana.mt.gov.br
A3: Obra: | C3: =HID.JAZIDA!D3 -> PRESTAÇÃO DE SERVIÇOS PARA DESMATAMENTO, DESTOCAMENTO, LIMPEZA DE ÁREA, RECONFORMAÇÃO E RECUPERAÇÃO AMBIENTAL DE JAZIDAS E DOS BORDOS REFERENTE A OBRA DE PAVIMENTAÇÃO DA RODOVIA MT 208
A4: Local: | C4: RODOVIA MT 208 - SENTIDO TUTILÂNDIA - ARIPUANÃ - MT
A5: Extensão: | C5: 41,69 KM
A6: Código: | G6: Serviço: | H6: Plantio de arbustos
A7: ESTACAS | G7: QUANTIDADE | H7: LADO | I7: OBSERVAÇÃO
A8: INICIAL | C8: FRAC. | D8: FINAL | F8: FRAC. | G8: (und)
A9: 540 | B9: + | C9: 0 | D9: 1080 | E9: + | F9: 0 | G9: 1875 | H9: D
A10: 540 | B10: + | C10: 0 | D10: 1080 | E10: + | F10: 0 | G10: 1995 | H10: E
B12: =IF(C12>0,"+","") | D12: TOTAL: | G12: =SUM(G9:G11) -> 3870
E16: Eng. Civil Flávia Maria Costa
E17: CREA/MT 031403

Sheet Plantio de Arbustos
B2: PREFEITURA MUNICIPAL DE ARIPUANÃ - MT DEPARTAMENTO DE ENGENHARIA CIVIL Praça São Francisco de Assis, 128, Caixa Postal 91 – CEP 78.325-000, Aripuanã – MT, Fone : (66) 3565 – 3900 / 3565 3927 www.engenharia@aripuana.mt.gov.br
B3: Obra: | D3: PRESTAÇÃO DE SERVIÇOS PARA IMPLANTAÇÃO DE SINALIZAÇÃO E PINTURA, RECONFORMAÇÃO E RECUPERAÇÃO AMBIENTAL DE JAZIDAS E DOS BORDOS REFERENTE A OBRA DE PAVIMENTAÇÃO DA RODOVIA MT 208
B4: Local: | D4: RODOVIA MT 208 - SENTIDO TUTILÂNDIA - ARIPUANÃ - MT
B5: Extensão: | D5: 41,69KM
B6: Código: | E6: 4413990 | I6: Serviço: | J6: Plantio de arbusto
B7: Planilha para cálculo de serviços de plantio de Arbustos (und)
B8: ESTACAS | H8: LADO (D/E) | I8: EXTENSÃO (M) | J8: LARGURA (M) | K8: ÁREA (M²) | L8: Arbustos (m²) | M8: Quant. | N8: OBSERVAÇÃO
M9: de
B10: INICIAL | D10: FRAC. | E10: FINAL | G10: FRAC. | M10: Arbustos
I11: =(E11-B11)*20+G11-D11 -> 0
B12: 0 | E12: 495 | H12: LE | I12: =(E12-B12)*20+G12-D12 -> 9900 | J12: 5.56 | K12: =I12*J12 -> 55044
K13: =K12*90% -> 49539.6 | L13: 0.04 | M13: =TRUNC(K13*L13,0) -> 1981
B15: 0 | E15: 495 | H15: LD | I15: =(E15-B15)*20+G15-D15 -> 9900 | J15: 5.56 | K15: =I15*J15*90% -> 49539.6 | L15: 0.04 | M15: =TRUNC(K15*L15,0) -> 1981
B16: TOTAL | M16: =SUM(M12:M15) -> 3962 | N16: und
I19: Eng. Civil Flávia Maria Costa
I20: CREA/MT 031403

Sheet Placas
B2: PREFEITURA MUNICIPAL DE ARIPUANÃ - MT DEPARTAMENTO DE ENGENHARIA CIVIL Praça São Francisco de Assis, 128, Caixa Postal 91 – CEP 78.325-000, Aripuanã – MT, Fone : (66) 3565 – 3900 / 3565 3927 www.engenharia@aripuana.mt.gov.br
B3: Obra: | C3: PRESTAÇÃO DE SERVIÇOS PARA IMPLANTAÇÃO DE SINALIZAÇÃO E PINTURA, RECONFORMAÇÃO E RECUPERAÇÃO AMBIENTAL DE JAZIDAS E DOS BORDOS REFERENTE A OBRA DE PAVIMENTAÇÃO DA RODOVIA MT 208
B4: Local: | C4: RODOVIA MT 208 - SENTIDO TUTILÂNDIA - ARIPUANÃ - MT
B5: Extensão: | C5: 41,69 km
B6: PLANILHA PARA CÁLCULO DE SINALIZAÇÃO VERTICAL (un)
B7: Código: 5213401 | D7: PLACAS DE SINALIZAÇÃO VERTICAL
B8: ESTACAS | F8: DIZERES | G8: DIMENSÃO(m)
B9: INICIAL | C9: FRAC. | D9: CÓDIGO | E9: LADO
B10: 0 | C10: 10 | D10: R-07 | E10: LD | F10: Proibido Ultrapassar | G10: Ø =1,00
B11: 5 | D11: Indicativa | E11: LD | F11: Rodovia Estadual - MT 208 | G11: Ø =1,00
B12: 10 | D12: R-07 | E12: LE | F12: Proibido Ultrapassar | G12: Ø =1,00
B13: 25 | D13: R-07 | E13: LD | F13: Proibido Ultrapassar | G13: Ø =1,00
B14: 41 | D14: R-07 | E14: LE | F14: Proibido Ultrapassar
B15: 50 | D15: Educativa | E15: LD | F15: CUIDADO COM OS ANIMAIS | G15: 2,00x1,00
B16: 62 | D16: R-07 | E16: LD | F16: Proibido Ultrapassar | G16: Ø =1,00
B17: 80 | D17: R-07 | E17: LE | F17: Proibido Ultrapassar | G17: Ø =1,00
B18: 100 | D18: A-05b | E18: LD | F18: Curva em "S" á Esquerda | G18: 1,00x1,00
B19: 103 | D19: R-07 | E19: LD | F19: Proibido Ultrapassar | G19: Ø =1,00
B20: 160 | D20: R-07 | E20: LE | F20: Proibido Ultrapassar | G20: Ø =1,00
B21: 163 | D21: A-05b | E21: LE | F21: Curva em "S" á Esquerda | G21: 1,00x 1,00
B22: 189 | D22: R-07 | E22: LD | F22: Proibido Ultrapassar | G22: Ø =1,00
B23: 190 | D23: A-05b | E23: LD | F23: Curva em "S" á Esquerda | G23: 1,00x 1,00
B24: 284 | D24: Educativa | E24: LE | F24: PRESERVE A NATUREZA | G24: 2,00x1,00
B25: 300 | D25: Educativa | E25: LD | F25: PRESERVE A NATUREZA | G25: 2,00x1,00
B26: 304 | D26: R-07 | E26: LE | F26: Proibido Ultrapassar | G26: Ø =1,00
... B90: 2068 | D90: R-07 | E90: LE | F90: Proibido Ultrapassar | G90: Ø =1,00
B91: 2083 | D91: Indicativa | E91: LE | F91: Rodovia Estadual - MT 208
B92: TOTAL SINALIZAÇÃO VERTICAL TOTALMENTE REFLETIVA | G92: 111.78 | H92: M²
B93: CONTRATO ANTERIOR | G93: 59.18 | H93: M²
B94: SALDO CONTRATUAL | G94: =G92-G93 -> 52.6
D98: Eng. Civil Flávia Maria Costa CREA/MT 031403

Sheet SETAS E ZEBRADOS
B2: PREFEITURA MUNICIPAL DE ARIPUANÃ - MT DEPARTAMENTO DE ENGENHARIA CIVIL Praça São Francisco de Assis, 128, Caixa Postal 91 – CEP 78.325-000, Aripuanã – MT, Fone : (66) 3565 – 3900 / 3565 3927 www.engenharia@aripuana.mt.gov.br
B3: Obra: | C3: PRESTAÇÃO DE SERVIÇOS PARA IMPLANTAÇÃO DE SINALIZAÇÃO E PINTURA, RECONFORMAÇÃO E RECUPERAÇÃO AMBIENTAL DE JAZIDAS E DOS BORDOS REFERENTE A OBRA DE PAVIMENTAÇÃO DA RODOVIA MT 208
B4: Rodovia: | C4: RODOVIA MT 208 - SENTIDO TUTILÂNDIA - ARIPUANÃ - MT
B5: Extensão: | C5: 41,69 km
B6: Codigo: 5213405 | C6: PINTURAS DE SETAS E ZEBRADOS
B7: LOCALIZAÇÃO | D7: QTDADE | E7: OBSERVAÇÂO
B8: ESTACA INICIAL | C8: ESTACA FINAL | D8: (M²)
B9: 0 | C9: 1315 | D9: 68.18
C12: Eng. Civil Flávia Maria Costa CREA/MT 031403

Sheet TACHAS
B2: PREFEITURA MUNICIPAL DE ARIPUANÃ - MT DEPARTAMENTO DE ENGENHARIA CIVIL Praça São Francisco de Assis, 128, Caixa Postal 91 – CEP 78.325-000, Aripuanã – MT, Fone : (66) 3565 – 3900 / 3565 3927 www.engenharia@aripuana.mt.gov.br | J2: PREFEITURA MUNICIPAL DE ARIPUANÃ - MT DEPARTAMENTO DE ENGENHARIA CIVIL Praça São Francisco de Assis, 128, Caixa Postal 91 – CEP 78.325-000, Aripuanã – MT, Fone : (66) 3565 – 3900 / 3565 3927 www.engenharia@aripuana.mt.gov.br
B3: Obra: | C3: PRESTAÇÃO DE SERVIÇOS PARA IMPLANTAÇÃO DE SINALIZAÇÃO E PINTURA, RECONFORMAÇÃO E RECUPERAÇÃO AMBIENTAL DE JAZIDAS E DOS BORDOS REFERENTE A OBRA DE PAVIMENTAÇÃO DA RODOVIA MT 208 | J3: Obra: | K3: PRESTAÇÃO DE SERVIÇOS PARA IMPLANTAÇÃO DE SINALIZAÇÃO E PINTURA, RECONFORMAÇÃO E RECUPERAÇÃO AMBIENTAL DE JAZIDAS E DOS BORDOS REFERENTE A OBRA DE PAVIMENTAÇÃO DA RODOVIA MT 208
B4: Local: | C4: RODOVIA MT 208 - SENTIDO TUTILÂNDIA - ARIPUANÃ - MT | J4: Local: | K4: RODOVIA MT 208 - SENTIDO TUTILÂNDIA - ARIPUANÃ - MT
B5: Extensão: | C5: 41,69 KM | J5: Extensão: | K5: 41,69 KM
B6: SINALIZAÇÃO - MEMÓRIA DE CÁLCULO | J6: SINALIZAÇÃO - MEMÓRIA DE CÁLCULO
B7: CODIGO: 5213360 | C7: IMPLANTAÇÃO DE TACHA REFLETIVA BIDIRECIONAL - FAIXAS CONTÍNUAS | J7: CODIGO: 5213360 | K7: IMPLANTAÇÃO DE TACHA REFLETIVA BIDIRECIONAL - FAIXAS 4x12
B8: LOCALIZAÇÃO | D8: EXTENSÃO | E8: RAZÃO | G8: QUANTIDADE(Unidade) | J8: LOCALIZAÇÃO | L8: EXTENSÃO | M8: RAZÃO | O8: QUANTIDADE(Unidade)
B9: ESTACA INICIAL | C9: ESTACA FINAL | D9: (M) | F9: POSIÇÃO | J9: ESTACA INICIAL | K9: ESTACA FINAL | L9: (M) | N9: POSIÇÃO
B10: 10 | C10: 29+00,00 | D10: 380 | E10: 4X4 | F10: EIXO/BD/BE | G10: 285 | J10: 48+12 | K10: 54+8 | L10: 116 | M10: 16X16 | N10: EIXO/BD/BE | O10: 22
B11: 36 | C11: 48+12 | D11: 252 | E11: 4X4 | F11: EIXO/BD/BE | G11: 189 | J11: 87+12 | K11: 95+8 | L11: 156 | M11: 16X16 | N11: EIXO/BD/BE | O11: 30
B12: 54+8 | C12: 68+00,00 | D12: 272 | E12: 4X4 | F12: EIXO/BD/BE | G12: 204 | J12: 167+12 | K12: 180+8 | L12: 256 | M12: 16X16 | N12: EIXO/BD/BE | O12: 48
B13: 74+00,00 | C13: 87+12 | D13: 272 | E13: 4X4 | F13: EIXO/BD/BE | G13: 204 | J13: 311+12 | K13: 340+8 | L13: 576 | M13: 16X16 | N13: EIXO/BD/BE | O13: 108
B14: 95+8 | C14: 108+00,00 | D14: 252 | E14: 4X4 | F14: EIXO/BD/BE | G14: 189 | J14: 387+12 | K14: 429+8 | L14: 836 | M14: 16X16 | N14: EIXO/BD/BE | O14: 157
B15: 155+00,00 | C15: 167+12 | D15: 252 | E15: 4X4 | F15: EIXO/BD/BE | G15: 189 | J15: 470+12 | K15: 524+8 | L15: 1076 | M15: 16X16 | N15: EIXO/BD/BE | O15: 202
B16: 180+8 | C16: 198+00,00 | D16: 352 | F16: EIXO/BD/BE | G16: 264 | J16: 54+12 | K16: 578+8 | L16: 76 | M16: 16X16 | N16: EIXO/BD/BE | O16: 15
B17: 299+00,00 | C17: 311+12 | D17: 252 | E17: 4X4 | F17: EIXO/BD/BE | G17: 189 | J17: 642+12 | K17: 650+8 | L17: 156 | M17: 16X16 | N17: EIXO/BD/BE | O17: 30
B18: 340+8 | C18: 360+00,00 | D18: 392 | E18: 4X4 | F18: EIXO/BD/BE | G18: 294 | J18: 776+12 | K18: 817+8 | L18: 816 | M18: 16X16 | N18: EIXO/BD/BE | O18: 153
B19: 371+00,00 | C19: 387+12 | D19: 332 | E19: 4X4 | F19: EIXO/BD/BE | G19: 249 | J19: 857+12 | K19: 892+8 | L19: 696 | M19: 16X16 | N19: EIXO/BD/BE | O19: 131
B20: 371+00,00 | C20: 387+12 | D20: 332 | E20: 4X4 | F20: EIXO/BD/BE | G20: 249 | J20: 931+12 | K20: 950+8 | L20: 376 | M20: 16X16 | N20: EIXO/BD/BE | O20: 71
B21: 429+8 | C21: 445+00,00 | D21: 312 | E21: 4X4 | F21: EIXO/BD/BE | G21: 234 | J21: 1005+12 | K21: 1025+8 | L21: 396 | M21: 16X16 | N21: EIXO/BD/BE | O21: 75
B22: 458+00,00 | C22: 470+12 | D22: 252 | E22: 4X4 | F22: EIXO/BD/BE | G22: 189 | J22: 1079+12 | K22: 1142+8 | L22: 1256 | M22: 16X16 | N22: EIXO/BD/BE | O22: 236
B23: 524+8 | C23: 543+00,00 | D23: 372 | E23: 4X4 | F23: EIXO/BD/BE | G23: 279 | J23: 1205+12 | K23: 1284+8 | L23: 1576 | M23: 16X16 | N23: EIXO/BD/BE | O23: 296
B24: 560+00,00 | C24: 574+12 | D24: 292 | E24: 4X4 | F24: EIXO/BD/BE | G24: 219 | J24: 1315+12 | K24: 1452+8 | L24: 2736 | M24: 16X16 | N24: EIXO/BD/BE | O24: 513
B25: 578+8 | C25: 591+00,00 | D25: 252 | E25: 4X4 | F25: EIXO/BD/BE | G25: 189 | J25: 1559+12 | K25: 1578+8 | L25: 376 | M25: 16X16 | N25: EIXO/BD/BE | O25: 71
B26: 630+00,00 | C26: 642+12 | D26: 252 | E26: 4X4 | F26: EIXO/BD/BE | G26: 189 | J26: 1614+12 | K26: 16560+8 | L26: 716 | M26: 16X16 | N26: EIXO/BD/BE | O26: 135
B27: 650+8 | C27: 663+00,00 | D27: 252 | E27: 4X4 | F27: EIXO/BD/BE | G27: 189 | J27: 1804+12 | K27: 1864+8 | L27: 1192 | M27: 16X16 | N27: EIXO/BD/BE | O27: 225
B28: 760+00,00 | C28: 776+12 | D28: 332 | E28: 4X4 | F28: EIXO/BD/BE | G28: 249 | J28: 1901+12 | K28: 2017+8 | L28: 2316 | M28: 16X16 | N28: EIXO/BD/BE | O28: 435
B29: 817+8 | C29: 883+00,00 | D29: 312 | E29: 4X4 | F29: EIXO/BD/BE | G29: 234 | J29: 2068 | K29: 2084+14,909 | L29: 334.91 | M29: 16X16 | N29: EIXO/BD/BE | O29: 63
B30: 845+00,00 | C30: 857+12 | D30: 252 | E30: 4X4 | F30: EIXO/BD/BE | G30: 189 | N30: SUB-TOTAL | O30: =SUM(O10:O29) -> 3016
B31: 892+8 | C31: 908+00,00 | D31: 312 | E31: 4X4 | F31: EIXO/BD/BE | G31: 234
B32: 918+00,00 | C32: 931.12 | D32: 272 | E32: 4X4 | F32: EIXO/BD/BE | G32: 204
B33: 950+8 | C33: 965+00,00 | D33: 292 | E33: 4X4 | F33: EIXO/BD/BE | G33: 219
B34: 992+00,00 | C34: 1005+12 | D34: 272 | E34: 4X4 | F34: EIXO/BD/BE | G34: 204 | K34: TOTAL TACHA REFLETIVA BIDIRECIONAL | O34: 21226
B35: 1025+8 | C35: 1038+00,00 | D35: 252 | E35: 4X4 | F35: EIXO/BD/BE | G35: 189 | K35: TOTAL CONTRATO ANTERIOR | O35: 9886
B36: 1063+00,00 | C36: 1079+12 | D36: 332 | E36: 4X4 | F36: EIXO/BD/BE | G36: 249 | K36: SALDO ATUAL | O36: =O34-O35 -> 11340
B37: 1142+8 | C37: 1158+00,00 | D37: 312 | E37: 4X4 | F37: EIXO/BD/BE | G37: 234
B38: 1185+0000 | C38: 1205+12 | D38: 412 | E38: 4X4 | F38: EIXO/BD/BE | G38: 309
B39: 1284+8 | C39: 1299+00,00 | D39: 292 | E39: 4X4 | F39: EIXO/BD/BE | G39: 219
B40: 1302+00,00 | C40: 1315+12 | D40: 272 | E40: 4X4 | F40: EIXO/BD/BE | G40: 204 | M40: Eng. Civil Flávia Maria Costa CREA/MT 031403
B41: 1452+8 | C41: 1472+00,00 | D41: 392 | E41: 5X4 | F41: EIXO/BD/BE | G41: 294
B42: 1541+00,00 | C42: 1559+12 | D42: 372 | E42: 6X4 | F42: EIXO/BD/BE | G42: 279
B43: 1578+8 | C43: 1592+00,00 | D43: 272 | E43: 7X4 | F43: EIXO/BD/BE | G43: 204
B44: 1595+00,00 | C44: 1614+12 | D44: 392 | E44: 8X4 | F44: EIXO/BD/BE | G44: 294
B45: 1650+8 | C45: 1670+00,00 | D45: 392 | E45: 9X4 | F45: EIXO/BD/BE | G45: 294
B46: 1735+00,00 | C46: 1750+12 | D46: 312 | E46: 10X4 | F46: EIXO/BD/BE | G46: 234
B47: 1750+8 | C47: 1765+00,00 | D47: 292 | E47: 11X4 | F47: EIXO/BD/BE | G47: 219
B48: 1792+00,00 | C48: 1804+12 | D48: 252 | E48: 12X4 | F48: EIXO/BD/BE | G48: 189
B49: 1864+8 | C49: 1882+00,00 | D49: 352 | E49: 13X4 | F49: EIXO/BD/BE | G49: 264
B50: 1886+00,00 | C50: 1901+12 | D50: 312 | E50: 14X4 | F50: EIXO/BD/BE | G50: 234
B51: 2017+8 | C51: 2032+00,00 | D51: 292 | E51: 15X4 | F51: EIXO/BD/BE | G51: 219
B52: 2036+00,00 | C52: 2049+12 | D52: 272 | E52: 16X4 | F52: EIXO/BD/BE | G52: 204
B53: 2052+8 | C53: 2068+00,00 | D53: 312 | E53: 17X4 | F53: EIXO/BD/BE | G53: 234
F54: SUBTOTAL | G54: =SUM(G10:G53) -> 10092
D57: Eng. Civil Flávia Maria Costa CREA/MT 031403

Sheet SINAL. HORIZ.
B2: PREFEITURA MUNICIPAL DE ARIPUANÃ - MT DEPARTAMENTO DE ENGENHARIA CIVIL Praça São Francisco de Assis, 128, Caixa Postal 91 – CEP 78.325-000, Aripuanã – MT, Fone : (66) 3565 – 3900 / 3565 3927 www.engenharia@aripuana.mt.gov.br | H2: PREFEITURA MUNICIPAL DE ARIPUANÃ - MT DEPARTAMENTO DE ENGENHARIA CIVIL Praça São Francisco de Assis, 128, Caixa Postal 91 – CEP 78.325-000, Aripuanã – MT, Fone : (66) 3565 – 3900 / 3565 3927 www.engenharia@aripuana.mt.gov.br | N2: PREFEITURA MUNICIPAL DE ARIPUANÃ - MT DEPARTAMENTO DE ENGENHARIA CIVIL Praça São Francisco de Assis, 128, Caixa Postal 91 – CEP 78.325-000, Aripuanã – MT, Fone : (66) 3565 – 3900 / 3565 3927 www.engenharia@aripuana.mt.gov.br
B3: Obra: | C3: PRESTAÇÃO DE SERVIÇOS PARA IMPLANTAÇÃO DE SINALIZAÇÃO E PINTURA, RECONFORMAÇÃO E RECUPERAÇÃO AMBIENTAL DE JAZIDAS E DOS BORDOS REFERENTE A OBRA DE PAVIMENTAÇÃO DA RODOVIA MT 208 | H3: Obra: | I3: PRESTAÇÃO DE SERVIÇOS PARA IMPLANTAÇÃO DE SINALIZAÇÃO E PINTURA, RECONFORMAÇÃO E RECUPERAÇÃO AMBIENTAL DE JAZIDAS E DOS BORDOS REFERENTE A OBRA DE PAVIMENTAÇÃO DA RODOVIA MT 208 | N3: Obra: | O3: PRESTAÇÃO DE SERVIÇOS PARA IMPLANTAÇÃO DE SINALIZAÇÃO E PINTURA, RECONFORMAÇÃO E RECUPERAÇÃO AMBIENTAL DE JAZIDAS E DOS BORDOS REFERENTE A OBRA DE PAVIMENTAÇÃO DA RODOVIA MT 208
B4: Local: | C4: RODOVIA MT 208 - SENTIDO TUTILÂNDIA - ARIPUANÃ - MT | H4: Local: | I4: RODOVIA MT 208 - SENTIDO TUTILÂNDIA - ARIPUANÃ - MT | N4: Local: | O4: RODOVIA MT 208 - SENTIDO TUTILÂNDIA - ARIPUANÃ - MT
B5: Extensão: | C5: 41,69 KM | H5: Extensão | I5: 41,69 KM | N5: Extensão | O5: 41,69 KM
B6: CODIGO: 5213415 | C6: CADASTRO DE SINALIZAÇÃO HORIZONTAL - FAIXAS CONTÍNUAS | H6: CODIGO: 521341 | I6: CADASTRO DE SINALIZAÇÃO HORIZONTALL - FAIXAS 4X4 | N6: CODIGO: 5213415 | O6: CADASTRO DE SINALIZAÇÃO HORIZONTAL - 4x12
B7: LOCALIZAÇÃO | D7: EXTENSÃO | E7: LADO | F7: OBSERVAÇÂO | H7: LOCALIZAÇÃO | J7: EXTENSÃO | K7: POSIÇÃO | L7: OBSERVAÇÃO | N7: LOCALIZAÇÃO | P7: EXTENSÃO | Q7: LADO | R7: OBSERVAÇÂO
B8: ESTACA INICIAL | C8: ESTACA FINAL | D8: (M) | H8: ESTACA INICIAL | I8: ESTACA FINAL | J8: (M) | N8: ESTACA INICIAL | O8: ESTACA FINAL | P8: (M)
B9: 0 | C9: 10 | D9: 200 | E9: LD | H9: 10 | I9: 25 | J9: 300 | K9: EIXO | N9: 48+12 | O9: 54+8 | P9: 116 | Q9: EX
B10: 0 | C10: 10 | D10: 200 | E10: LE | H10: 25 | I10: 29 | J10: 80 | K10: LE | N10: 87+12 | O10: 95+8 | P10: 156 | Q10: EX
B11: 25 | C11: 36 | D11: 220 | E11: LD | H11: 36 | I11: 41 | J11: 100 | K11: LD | N11: 167+12 | O11: 180+8 | P11: 256 | Q11: EX
B12: 29 | C12: 41 | D12: 240 | E12: LE | H12: 41 | I12: 48=12 | J12: 152 | K12: EIXO | N12: 311+12 | O12: 340+8 | P12: 576 | Q12: EX
B13: 62 | C13: 74 | D13: 240 | E13: LD | H13: 54+8 | I13: 62 | J13: 152 | K13: EIXO | N13: 387+12 | O13: 429+8 | P13: 836 | Q13: EX
B14: 68 | C14: 80 | D14: 240 | E14: LE | H14: 62 | I14: 68 | J14: 120 | K14: LE | N14: 470+12 | O14: 524+8 | P14: 1076 | Q14: EX
B15: 103 | C15: 155 | D15: 1040 | E15: LD | H15: 74 | I15: 80 | J15: 120 | K15: LD | N15: 574+12 | O15: 578+8 | P15: 76 | Q15: EX
B16: 108 | C16: 160 | D16: 1040 | E16: LE | H16: 80 | I16: 87+12 | J16: 152 | K16: EIXO | N16: 642+12 | O16: 650+8 | P16: 156 | Q16: EX
B17: 188 | C17: 299 | D17: 2220 | E17: LD | H17: 95+8 | I17: 103 | J17: 152 | K17: EIXO | N17: 776+12 | O17: 817+8 | P17: 816 | Q17: EX
B18: 198 | C18: 304 | D18: 2120 | E18: LE | H18: 103 | I18: 108 | J18: 100 | K18: LE | N18: 857+12 | O18: 892+8 | P18: 696 | Q18: EX
B19: 348 | C19: 371 | D19: 460 | E19: LD | H19: 155 | I19: 160 | J19: 100 | K19: LD | N19: 931+12 | O19: 950+8 | P19: 376 | Q19: EX
B20: 360 | C20: 380 | D20: 400 | E20: LE | H20: 160 | I20: 167+12 | J20: 152 | K20: EIXO | N20: 1005+12 | O20: 1025+8 | P20: 396 | Q20: EX
B21: 437 | C21: 458 | D21: 420 | E21: LD | H21: 180+8 | I21: 188 | J21: 152 | K21: EIXO | N21: 1079+12 | O21: 1142+8 | P21: 1256 | Q21: EX
B22: 445 | C22: 463 | D22: 360 | E22: LE | H22: 183 | I22: 198 | J22: 200 | K22: LE | N22: 1205+12 | O22: 1284+8 | P22: 1576 | Q22: EX
B23: 532 | C23: 560 | D23: 560 | E23: LD | H23: 299 | I23: 304 | J23: 100 | K23: LD | N23: 1315+12 | O23: 1452+8 | P23: 2736 | Q23: EX
B24: 543 | C24: 567 | D24: 480 | E24: LE | H24: 304 | I24: 311+12 | J24: 152 | K24: EIXO | N24: 1559+12 | O24: 1578+8 | P24: 376 | Q24: EX
B25: 586 | C25: 630 | D25: 880 | E25: LD | H25: 340+8 | I25: 348 | J25: 152 | K25: EIXO | N25: 1614+12 | O25: 1650+8 | P25: 716 | Q25: EX
B26: 591 | C26: 635 | D26: 880 | E26: LE | H26: 348 | I26: 360 | J26: 240 | K26: LE | N26: 1804+12 | O26: 1864+12 | P26: 1196 | Q26: EX
B27: 658 | C27: 760 | D27: 2040 | E27: LD | H27: 371 | I27: 380 | J27: 180 | K27: LD | N27: 1901+12 | O27: 2017+8 | P27: 2316 | Q27: EX
B28: 663 | C28: 769 | D28: 2120 | E28: LE | H28: 380 | I28: 387+12 | J28: 152 | K28: EIXO | N28: 2068 | O28: 2084+14909 | P28: 334.91 | Q28: EX
B29: 825 | C29: 845 | D29: 400 | E29: LD | H29: 429+8 | I29: 437 | J29: 152 | K29: EIXO | N29: TOTAL PINTURA DE FAIXAS 4X12 (m2)= | Q29: 400.97 | R29: M2
B30: 833 | C30: 850 | D30: 340 | E30: LE | H30: 437 | I30: 445 | J30: 160 | K30: LE
B31: 900 | C31: 918 | D31: 360 | E31: LD | H31: 458 | I31: 463 | J31: 100 | K31: LD | N31: Resumo Sinalizaçãp Horizontal | Q31: P.O . - 031-20
B32: 908 | C32: 924 | D32: 320 | E32: LE | H32: 463 | I32: 470+12 | J32: 152 | K32: EIXO | N32: Tipo de Faixa | O32: Área (m²) | Q32: Tipo de Faixa | R32: Área (m²)
B33: 958 | C33: 992 | D33: 680 | E33: LD | H33: 524+8 | I33: 532 | J33: 152 | K33: EIXO | N33: Contiínua | O33: =(E58) -> 11561,96 | Q33: Faixa Horizontal | R33: 3517.27
B34: 965 | C34: 998 | D34: 660 | E34: LE | H34: 532 | I34: 543 | J34: 220 | K34: LE | N34: 4x12 | O34: =(Q29) -> 400.97 | Q34: Setas e Zebrados | R34: 121.96
B35: 1033 | C35: 1063 | D35: 600 | E35: LD | H35: 560 | I35: 567 | J35: 140 | K35: LD | N35: 4x4 | O35: =(K96) -> 656.2 | Q35: Tachas refletivas | R35: 9886
B36: 1038 | C36: 1072 | D36: 680 | E36: LE | H36: 567 | I36: 574+12 | J36: 152 | K36: EIXO | N36: Área Total = | O36: =(O33+O34+O35) -> 12619.13 | Q36: Placa sinalizaçao tot. refletiva | R36: 59.18
B37: 1150 | C37: 1185 | D37: 700 | E37: LD | H37: 578+8 | I37: 586 | J37: 152 | K37: EIXO | N37: CONTRATO ANT. | O37: 3517.27
B38: 1158 | C38: 1198 | D38: 800 | E38: LE | H38: 586 | I38: 591 | J38: 100 | K38: LE | N38: SALDO ATUAL | O38: =O36-O37 -> 9101.86 | Q38: Defensas Semi - Maleaveis | R38: 230
B39: 1292 | C39: 1302 | D39: 200 | E39: LD | H39: 630 | I39: 635 | J39: 100 | K39: LD
B40: 1299 | C40: 1308 | D40: 180 | E40: LE | H40: 635 | I40: 642+12 | J40: 152 | K40: EIXO | N40: Concorrencia publica
B41: 1460 | C41: 1541 | D41: 1620 | E41: LD | H41: 650+8 | I41: 658 | J41: 152 | K41: EIXO | N41: Tipo de Faixa | O41: Área (m²)
B42: 1472 | C42: 1552 | D42: 1600 | E42: LE | H42: 658 | I42: 663 | J42: 100 | K42: LE | N42: Faixa Horizontal | O42: 9101.86
B43: 1586 | C43: 1595 | D43: 180 | E43: LD | H43: 760 | I43: 769 | J43: 180 | K43: LD | N43: Setas e Zebrados | O43: 68.18
B44: 1592 | C44: 1607 | D44: 300 | E44: LE | H44: 769 | I44: 776+12 | J44: 152 | K44: EIXO | N44: Tachas refletivas | O44: 21732 | Q44: Eng. Civil Flávia Maria Costa
B45: 1658 | C45: 1735 | D45: 1540 | E45: LD | H45: 817+8 | I45: 825 | J45: 152 | K45: EIXO | N45: Placa sinalizaçao tot. refletiva | O45: 52.6 | Q45: CREA/MT 031403
B46: 1670 | C46: 1743 | D46: 1460 | E46: LE | H46: 825 | I46: 833 | J46: 160 | K46: LE | N46: Defensas Semi - Maleaveis | O46: 1050
B47: 1758 | C47: 1792 | D47: 680 | E47: LD | H47: 845 | I47: 850 | J47: 100 | K47: LD
B48: 1765 | C48: 1797 | D48: 640 | E48: LE | H48: 850 | I48: 857+12 | J48: 152 | K48: EIXO
B49: 1872 | C49: 1886 | D49: 280 | E49: LD | H49: 892+8 | I49: 900 | J49: 152 | K49: EIXO
B50: 1882 | C50: 1894 | D50: 240 | E50: LE | H50: 900 | I50: 908 | J50: 160 | K50: LE
B51: 2025 | C51: 2036 | D51: 220 | E51: LD | H51: 918 | I51: 924 | J51: 120 | K51: LD
B52: 2032 | C52: 2042 | D52: 200 | E52: LE | H52: 924 | I52: 931+12 | J52: 152 | K52: EIXO
B53: 2060 | C53: 2084+14,909 | D53: 494.9 | E53: LD | H53: 950+8 | I53: 958 | J53: 152 | K53: EIXO
B54: 2068 | C54: 2084+14,909 | D54: 494.9 | E54: LE | H54: 958 | I54: 965 | J54: 140 | K54: LE
B55: 0 | C55: 2084+14,909 | D55: 41694.91 | E55: LD | F55: BORDO DIREITO | H55: 992 | I55: 998 | J55: 120 | K55: LD
B56: 0 | C56: 2084+14,909 | D56: 41694.91 | E56: LE | F56: BORDO ESQUERDO | H56: 998 | I56: 1005+12 | J56: 152 | K56: EIXO
H57: 1025+8 | I57: 1033 | J57: 152 | K57: EIXO
B58: TOTAL FAIXA CONTINUA (M2) | E58: 11561,96 | F58: M² | H58: 1033 | I58: 1038 | J58: 100 | K58: LE
H59: 1063 | I59: 1072 | J59: 180 | K59: LD
H60: 1072 | I60: 1079+12 | J60: 152 | K60: EIXO
H61: 1142+8 | I61: 1150 | J61: 152 | K61: EIXO
C62: Eng. Civil Flávia Maria Costa | H62: 1150 | I62: 1158 | J62: 160 | K62: LE
C63: CREA/MT 031403 | H63: 1185 | I63: 1198 | J63: 260 | K63: LD
H64: 1198 | I64: 1205+12 | J64: 152 | K64: EIXO
H65: 1284+8 | I65: 1292 | J65: 152 | K65: EIXO
H66: 1292 | I66: 1299 | J66: 140 | K66: LE
H67: 1302 | I67: 1308 | J67: 120 | K67: LD
H68: 1308 | I68: 1315+12 | J68: 152 | K68: EIXO
H69: 1452+8 | I69: 1460 | J69: 152 | K69: EIXO
H70: 1460 | I70: 1472 | J70: 240 | K70: LE
H71: 1541 | I71: 1552 | J71: 220 | K71: LD
H72: 1552 | I72: 1559+12 | J72: 152 | K72: EIXO
H73: 1578+8 | I73: 1586 | J73: 152 | K73: EIXO
H74: 1586 | I74: 1592 | J74: 120 | K74: LE
H75: 1595 | I75: 1607 | J75: 240 | K75: LD
H76: 1607 | I76: 1614+12 | J76: 152 | K76: EIXO
H77: 1650+8 | I77: 1658 | J77: 152 | K77: EIXO
H78: 1658 | I78: 1670 | J78: 240 | K78: LE
H79: 1735 | I79: 1743 | J79: 160 | K79: LD
H80: 1743 | I80: 1750+12 | J80: 152 | K80: EIXO
H81: 1750+8 | I81: 1758 | J81: 152 | K81: EIXO
H82: 1758 | I82: 1765 | J82: 140 | K82: LE
H83: 1792 | I83: 1797 | J83: 100 | K83: LD
H84: 1797 | I84: 1804+12 | J84: 152 | K84: EIXO
H85: 1864+8 | I85: 1872 | J85: 152 | K85: EIXO
H86: 1872 | I86: 1882 | J86: 200 | K86: LE
H87: 1886 | I87: 1894 | J87: 160 | K87: LD
H88: 1894 | I88: 1901+12 | J88: 152 | K88: EIXO
H89: 2017+8 | I89: 2025 | J89: 152 | K89: EIXO
H90: 2025 | I90: 2032 | J90: 140 | K90: LE
H91: 2036 | I91: 2042 | J91: 120 | K91: LD
H92: 2042 | I92: 2049+12 | J92: 152 | K92: EIXO
H93: 2052+8 | I93: 2060 | J93: 152 | K93: EIXO
H94: 2060 | I94: 2068 | J94: 160 | K94: LE
H96: TOTAL PINTURA DE FAIXA DE BORDO(m2) | K96: 656.2 | L96: M²
J99: Eng. Civil Flávia Maria Costa
J100: CREA/MT 031403

Sheet Defensas
B2: PREFEITURA MUNICIPAL DE ARIPUANÃ - MT DEPARTAMENTO DE ENGENHARIA CIVIL Praça São Francisco de Assis, 128, Caixa Postal 91 – CEP 78.325-000, Aripuanã – MT, Fone : (66) 3565 – 3900 / 3565 3927 www.engenharia@aripuana.mt.gov.br | P2: sinalização
B3: Obra: | D3: PRESTAÇÃO DE SERVIÇOS PARA IMPLANTAÇÃO DE SINALIZAÇÃO E PINTURA, RECONFORMAÇÃO E RECUPERAÇÃO AMBIENTAL DE JAZIDAS E DOS BORDOS REFERENTE A OBRA DE PAVIMENTAÇÃO DA RODOVIA MT 208
B4: Rodovia: | D4: RODOVIA MT 208 - SENTIDO TUTILÂNDIA - ARIPUANÃ - MT
B5: Extensão: | D5: 41,69 KM
B6: Planilha para cálculo de defensas e ancoragem (m)
B7: Código: | D7: 3713604 | I7: Serviço : | J7: Defensa maleável dupla (forn./ impl.)
B8: ESTACAS | H8: EXTENSÃO | I8: POSIÇÃO | J8: ANCORAGEM | L8: OBSERVAÇÃO
B9: INICIAL | D9: FRAC. | E9: FINAL | G9: FRAC. | J9: ANTES | K9: DEPOIS
B10: 168 | C10: + | D10: 0 | E10: 180 | F10: + | G10: 0 | H10: =(E10-B10)*20+(G10-D10) -> 240 | I10: LD | L10: ATERRO ALTO/ ENTRADA DE PCA
B11: 181 | C11: + | D11: 10 | E11: 190 | F11: + | G11: 0 | H11: =(E11-B11)*20+(G11-D11) -> 170 | I11: LD | L11: ATERRO ALTO/ SAIDA DE PCA
B12: 181 | C12: + | D12: 10 | E12: 190 | F12: + | G12: 0 | H12: =(E12-B12)*20+(G12-D12) -> 170 | I12: LE | L12: ATERRO ALTO/ ENTRADA DE PCA
B13: 168 | C13: + | D13: 0 | E13: 180 | F13: + | G13: 0 | H13: =(E13-B13)*20+(G13-D13) -> 240 | I13: LE | L13: ATERRO ALTO/ SAIDA DE PCA
H14: =SUM(H10:H13) -> 820 | J14: =SUM(J10:J13) -> 0 | K14: =SUM(K10:K13) -> 0
H16: RESUMO
H17: DEFENSAS | I17: =H14 -> 820 | J17: m
H18: ANCORAGEM | I18: =J14+K14 -> 0 | J18: m
H22: Eng. Civil Flávia Maria Costa
H23: CREA/MT 031403

Sheet Cerca
B2: PREFEITURA MUNICIPAL DE ARIPUANÃ - MT DEPARTAMENTO DE ENGENHARIA CIVIL Praça São Francisco de Assis, 128, Caixa Postal 91 – CEP 78.325-000, Aripuanã – MT, Fone : (66) 3565 – 3900 / 3565 3927 www.engenharia@aripuana.mt.gov.br | O2: sinalização
B3: Obra: | D3: PRESTAÇÃO DE SERVIÇOS PARA IMPLANTAÇÃO DE SINALIZAÇÃO E PINTURA, RECONFORMAÇÃO E RECUPERAÇÃO AMBIENTAL DE JAZIDAS E DOS BORDOS REFERENTE A OBRA DE PAVIMENTAÇÃO DA RODOVIA MT 208
B4: Local: | D4: RODOVIA MT 208 - SENTIDO TUTILÂNDIA - ARIPUANÃ - MT
B5: Extensão: | D5: 41,69 KM
B6: PLANILHA PARA CÁLCULO CONSTRUÇÃO DE CERCA COM MOURÃO (m)
B7: Código: | D7: 3713608 | H7: Serviço: | I7: Cerca de arame farpado com suporte de madeira
B8: ESTACAS | H8: EXTENSÃO | I8: LADO | K8: OBSERVAÇÃO
B9: INICIAL | D9: FRAC. | E9: FINAL | G9: FRAC. | H9: (m)
B10: 0 | C10: + | D10: 0 | E10: 148 | F10: + | G10: 10 | H10: =(E10-B10)*20+(G10-D10) -> 2970 | I10: M | J10: LE
C13: =IF(D13>0,"+","") | E13: TOTAL: | H13: =SUM(H10) -> 2970
H16: Eng. Civil Flávia Maria Costa
H17: CREA/MT 031403

Sheet Recomp. Cerca
B2: PREFEITURA MUNICIPAL DE ARIPUANÃ - MT DEPARTAMENTO DE ENGENHARIA CIVIL Praça São Francisco de Assis, 128, Caixa Postal 91 – CEP 78.325-000, Aripuanã – MT, Fone : (66) 3565 – 3900 / 3565 3927 www.engenharia@aripuana.mt.gov.br
B3: Obra: | D3: PRESTAÇÃO DE SERVIÇOS PARA IMPLANTAÇÃO DE SINALIZAÇÃO E PINTURA, RECONFORMAÇÃO E RECUPERAÇÃO AMBIENTAL DE JAZIDAS E DOS BORDOS REFERENTE A OBRA DE PAVIMENTAÇÃO DA RODOVIA MT 208
B4: Local: | D4: RODOVIA MT 208 - SENTIDO TUTILÂNDIA - ARIPUANÃ - MT
B5: Extensão: | D5: 41,69 KM
B6: PLANILHA PARA CÁLCULO RECOMPOSIÇÃO DE CERCA COM MOURÃO (m)
B7: Código: | D7: 4915731 | H7: Serviço: | I7: Recomposição total de cerca com mourão de madeira
B8: ESTACAS | H8: EXTENSÃO | I8: LADO | K8: OBSERVAÇÃO
B9: INICIAL | D9: FRAC. | E9: FINAL | G9: FRAC. | H9: (m)
B10: 148 | D10: 10 | E10: 297 | G10: 0 | H10: =(E10-B10)*20+G10-D10 -> 2970 | I10: LE
C12: =IF(D12>0,"+","") | E12: TOTAL: | H12: =SUM(H10:H11) -> 2970
H16: Eng. Civil Flávia Maria Costa
H17: CREA/MT 031403

Sheet Planilha1
D4: ESTACA | E4: VOLUME | F4: DMT | G4: AREA
B5: J1 - BERNADINHO | C5: L.E. | D5: 543 | E5: 3000 | F5: 8 | G5: =E5/0.6 -> 5000
B6: J2 - GORDO DO PINHEIRO | C6: L.D. | D6: 543 | E6: 16500 | F6: 8 | G6: =E6/0.6 -> 27500
B7: J3 - ZEZINHO | C7: L.D. | D7: 460 | E7: 9000 | F7: 0.125 | G7: =E7/0.6 -> 15000
B8: J4 - CLOVINHO | C8: L.D. | D8: 366 | E8: 12000 | F8: 0.1 | G8: =E8/0.6 -> 20000
B9: J5 - POLACO | C9: L.D. | D9: 350 | E9: 12000 | F9: 1.2 | G9: =E9/0.6 -> 20000
B10: J6 - MARCÃO | C10: L.E. | D10: 320 | E10: 10000 | F10: 0.8 | G10: =E10/0.6 -> 16666.667
B11: J7 - WELIMTON | C11: L.E. | D11: 308 | E11: 5000 | F11: 0.125 | G11: =E11/0.6 -> 8333.3333
B12: J8 - NEREU | C12: L.D. | D12: 308 | E12: 58500 | F12: 1.5 | G12: =E12/1.3 -> 45000
B13: J9 - CAPIVARA | C13: L.D. | D13: 260 | E13: 3000 | F13: 1.5 | G13: =E13/0.6 -> 5000
B14: TOTAL | E14: =SUM(E5:E13) -> 129000 | G14: =SUM(G5:G13) -> 162500
D15: =41109.75/0.6 -> 68516.25 | G15: =D15/0.6 -> 114193.75
B17: LOCALIZAÇÃO DOS EMPRÉSTIMOS CONCENTRADOS
D19: ESTACA | E19: VOLUME | F19: DMT | G19: AREA
B20: EC 1 | C20: L.D. | D20: 950 | E20: 60000 | F20: 0.04 | G20: =E20/2 -> 30000
B21: EC 2 | C21: L.D. | D21: 800 | E21: 15000 | F21: 0.05 | G21: =E21/0.75 -> 20000
B22: EC 3 | C22: L.D. | D22: 530 | E22: 40000 | F22: 0.05 | G22: =E22/2 -> 20000
B23: EC 4 | C23: L.D. | D23: 390 | E23: 45000 | F23: 0.05 | G23: =E23/2 -> 22500
B24: EC 5 | C24: L.E. | D24: 245 | E24: 45000 | F24: 0.05 | G24: =E24/2 -> 22500
B25: EC 6 | C25: L.D. | D25: 245 | E25: 45000 | F25: 0.05 | G25: =E25/2 -> 22500
B26: EC 7 | C26: L.D. | D26: 140 | E26: 58250 | F26: 0.04 | G26: =E26/2.33 -> 25000
B27: EL 1 | C27: L.D. | D27: 0 - 1760 | E27: =(1760*20)*4 -> 140800 | G27: =E27/1 -> 140800
B28: EL 2 | C28: L.E. | D28: 0 - 1760 | E28: =(1760*20)*4 -> 140800 | G28: =E28/1 -> 140800
B29: TOTAL | E29: =SUM(E20:E28) -> 589850 | G29: =SUM(G20:G28) -> 444100
C30: 243000 | D30: =E29/2 -> 294925 | G30: =C30/2 -> 121500
B32: LOCALIZAÇÃO DOS TALUDES (CORTE E ATERROS)
D34: ESTACA | E34: VOLUME | F34: DMT | G34: AREA
B35: CORTE E ATERRO | C35: L.D. | D35: 0 - 495 | G35: =9900*4 -> 39600
B36: CORTE E ATERRO | C36: L.E. | D36: 0 - 495 | E36: 0 | F36: 0 | G36: =9900*4 -> 39600
B37: TOTAL | E37: =SUM(E35:E36) -> 0 | G37: =SUM(G35:G36) -> 79200

Sheet B.D.I
C3: PREFEITURA MUNICIPAL DE ARIPUANÃ - MT DEPARTAMENTO DE ENGENHARIA CIVIL Praça São Francisco de Assis, 128, Caixa Postal 91 – CEP 78.325-000, Aripuanã – MT, Fone : (66) 3565 – 3900 / 3565 - 3927 www.aripuana.mt.gov.br
C8: BENEFÍCIOS E DESPESAS INDIRETAS (BDI)
C9: ITENS | D9: DESCRIÇÃO | E9: %
C10: 1.0 | D10: ADMINISTRAÇÃO CENTRAL | E10: 3.14
C11: 2.0 | D11: SEGURO + GARANTIA | E11: 0.8
C12: 3.0 | D12: RISCO | E12: 0.56
C13: 4.0 | D13: DESPESAS FINANCEIRAS | E13: 1.14
C14: 5.0 | D14: LUCRO | E14: 8.32
C15: 6.0 | D15: TRIBUTOS | E15: =E16+E17+E18+E19 -> 10.15
C16: 6.1 | D16: COFINS | E16: 3
C17: 6.2 | D17: PIS | E17: 0.65
C18: 6.3 | D18: ISS | E18: 2
C19: 6.4 | D19: CPRB | E19: 4.5
D20: TOTAL | E20: =(((1+E10/100+E11/100+E12/100)*(1+E13/100)*(1+E14/100))/(1-E15/100))-1 -> 0.27417714
D33: ='PLAN ORÇAMENTÁRIA'!B35 -> Aripuanã/MT, 23 de Março de 2023.

Sheet CFF
B3: PREFEITURA MUNICIPAL DE ARIPUANÃ - MT DEPARTAMENTO DE ENGENHARIA CIVIL Praça São Francisco de Assis, 128, Caixa Postal 91 – CEP 78.325-000, Aripuanã – MT, Fone : (66) 3565 – 3900 / 3565 - 3927 www.aripuana.mt.gov.br
B4: CRONOGRAMA FISICO FINANCEIRO
B5: Obra: | C5: =ARBUSTO!C3 -> PRESTAÇÃO DE SERVIÇOS PARA DESMATAMENTO, DESTOCAMENTO, LIMPEZA DE ÁREA, RECONFORMAÇÃO E RECUPERAÇÃO AMBIENTAL DE JAZIDAS E DOS BORDOS REFERENTE A OBRA DE PAVIMENTAÇÃO DA RODOVIA MT 208 | F5: Custo Mensal | G5: =G12+G14+G18+G16 -> 904474.02 | H5: =H12+H14+H18+H16 -> 1145477 | I5: =I12+I14+I18+I16 -> 1479708.5 | J5: =J12+J14+J18+J16 -> 1430771 | K5: =K12+K14+K18+K16 -> 1430771 | L5: =L12+L14+L18+L16 -> 764322.97
B6: Local: | C6: RODOVIA MT 208 - SENTIDO TUTILÂNDIA - ARIPUANÃ - MT | F6: % Mensal | G6: =G5/D19 -> 0.1264022 | H6: =H5/D19 -> 0.16008289 | I6: =I5/D19 -> 0.20679245 | J6: =J5/D19 -> 0.19995334 | K6: =K5/D19 -> 0.19995334 | L6: =L5/D19 -> 0.10681578
B7: Valor: | C7: =D19 -> 7155524.6 | F7: Custo Acumulado | G7: =G5 -> 904474.02 | H7: =H5+G7 -> 2049951.1 | I7: =I5+H7 -> 3529659.5 | J7: =J5+I7 -> 4960430.6 | K7: =K5+J7 -> 6391201.6 | L7: =L5+K7 -> 7155524.6
B8: Extensão: | C8: 41,69 km | F8: % Acumulado | G8: =G7/D19 -> 0.1264022 | H8: =H7/D19 -> 0.28648508 | I8: =I7/D19 -> 0.49327754 | J8: =J7/D19 -> 0.69323088 | K8: =K7/D19 -> 0.89318422 | L8: =L7/D19 -> 1
B9: ITEM | C9: DESCRIÇÃO | D9: VALOR ÍTEM | F9: % | G9: 30 Dias | H9: 60 Dias | I9: 90 Dias | J9: 120 Dias | K9: 150 Dias | L9: 180 Dias
B11: 1.0 | C11: ='PLAN ORÇAMENTÁRIA'!D9 -> SERVIÇOS INICIAIS | D11: ='QUADRO RESUMO'!H8 -> 1669.375 | F11: =D11/D19 -> 0.00023329876 | G11: 1
G12: =G11*D11 -> 1669.375 | H12: =H11*D11 -> 0 | I12: =I11*D11 -> 0 | J12: =J11*D11 -> 0 | K12: =K11*D11 -> 0 | L12: =L11*D11 -> 0
B13: 2.0 | C13: ='QUADRO RESUMO'!C10 -> RECUPERAÇÃO AMBIENTAL | D13: ='QUADRO RESUMO'!H10 -> 3748382.4 | F13: =D13/D19 -> 0.52384453 | G13: 0.15 | H13: 0.15 | I13: 0.2 | J13: 0.2 | K13: 0.2 | L13: 0.1
G14: =G13*D13 -> 562257.37 | H14: =H13*D13 -> 562257.37 | I14: =I13*D13 -> 749676.49 | J14: =J13*D13 -> 749676.49 | K14: =K13*D13 -> 749676.49 | L14: =L13*D13 -> 374838.24
B15: 3.0 | C15: ='QUADRO RESUMO'!C11 -> SINALIZAÇÃO E DISPOSITIVOS DE SEGURANÇA | D15: ='QUADRO RESUMO'!H11 -> 978748.95 | F15: =D15/D19 -> 0.13678228 | G15: 0.1 | H15: 0.1 | I15: 0.25 | J15: 0.2 | K15: 0.2 | L15: 0.15
G16: =G15*D15 -> 97874.895 | H16: =H15*D15 -> 97874.895 | I16: =I15*D15 -> 244687.24 | J16: =J15*D15 -> 195749.79 | K16: =K15*D15 -> 195749.79 | L16: =L15*D15 -> 146812.34
B17: 4.0 | C17: OBRAS COMPLEMENTARES | D17: ='QUADRO RESUMO'!H12 -> 2426723.8 | F17: =D17/D19 -> 0.33913989 | G17: 0.1 | H17: 0.2 | I17: 0.2 | J17: 0.2 | K17: 0.2 | L17: 0.1
G18: =G17*D17 -> 242672.38 | H18: =H17*D17 -> 485344.77 | I18: =I17*D17 -> 485344.77 | J18: =J17*D17 -> 485344.77 | K18: =K17*D17 -> 485344.77 | L18: =L17*D17 -> 242672.38
B19: TOTAL | D19: =SUM(D11:D18) -> 7155524.6 | F19: =SUM(F11:F18) -> 1
C21: ='PLAN ORÇAMENTÁRIA'!B35 -> Aripuanã/MT, 23 de Março de 2023.

Sheet Planilha2
B2: PREFEITURA MUNICIPAL DE ARIPUANÃ - MT DEPARTAMENTO DE ENGENHARIA CIVIL Praça São Francisco de Assis, 128, Caixa Postal 91 – CEP 78.325-000, Aripuanã – MT, Fone : (66) 3565 – 3900 / 3565 3927 www.engenharia@aripuana.mt.gov.br
B3: Obra: | D3: =CFF!C5 -> PRESTAÇÃO DE SERVIÇOS PARA DESMATAMENTO, DESTOCAMENTO, LIMPEZA DE ÁREA, RECONFORMAÇÃO E RECUPERAÇÃO AMBIENTAL DE JAZIDAS E DOS BORDOS REFERENTE A OBRA DE PAVIMENTAÇÃO DA RODOVIA MT 208
B4: Local: | D4: RODOVIA MT 208 - SENTIDO TUTILÂNDIA - ARIPUANÃ - MT
B5: Extensão: | D5: 41,69 KM
B6: COMPOSIÇÃO DE CUSTO UNITÁRIO
B7: Código: | D7: Serviços:
B8: CPU 01 | D8: REGULARIZAÇÃO E ESPALHAMENTO DE MAT. ORGÂNICO ÁREA DE JAZIDA / ÁREA DE EMPRÉSTIMO CONCENTRADO | Q8: Und.: | R8: M²
B9: A: | C9: EQUIPAMENTOS | H9: QUANT. | K9: UTILIZAÇÃO | O9: CUSTO OPERACIONAL | R9: CUSTO HORÁRIO TOTAL
K10: OPERATIVA | M10: IMPROD | O10: OPERATIVO | Q10: IMPROD
B11: E9042 | C11: Trator de Esteiras com Lâmina - 74,5 kw | H11: 1 | K11: 1 | M11: 0 | O11: 239.2864 | Q11: 86.7621 | R11: =TRUNC((H11*+((K11*O11)+(M11*Q11))),4) -> 239.2864
O12: =IF(ISERROR(VLOOKUP(B12,'[7]B.D EQUIPAMENTOS'!$A$2:$S$3179,4,0)),"",(VLOOKUP(B12,'[7]B.D EQUIPAMENTOS'!$A$2:$S$3179,4,0))) | Q12: =IF(ISERROR(VLOOKUP(B12,'[7]B.D EQUIPAMENTOS'!$A$2:$S$3179,3,0)),"",(VLOOKUP(B12,'[7]B.D EQUIPAMENTOS'!$A$2:$S$3179,3,0)))
B13: CUSTO HORÁRIO TOTAL DE EQUIPAMENTOS | Q13: =SUM(R11:R12) -> 239.2864
B15: B: | C15: MÃO-DE-OBRA | K15: QUANT. | M15: UNIDADE | O15: CUSTO HORÁRIO | Q15: CUSTO HORÁRIO TOTAL
B17: P9824 | C17: Servente | K17: 2 | M17: H | O17: 19.2277 | Q17: =TRUNC(K17*O17,4) -> 38.4554
B18: P9875 | C18: Encarregado de Turma | K18: 0.0013 | M18: mês | O18: 5200.4697 | Q18: =TRUNC(K18*O18,4) -> 6.7606
C19: =IF(ISERROR(VLOOKUP(B19,'[7]B.D MÃO DE OBRA'!$A$2:$B$3244,2,0)),"",(VLOOKUP(B19,'[7]B.D MÃO DE OBRA'!$A$2:$B$3244,2,0))) | O19: =IF(ISERROR(VLOOKUP(B19,'[7]B.D MÃO DE OBRA'!$A$2:$D$3244,3,0)),"",(VLOOKUP(B19,'[7]B.D MÃO DE OBRA'!$A$2:$D$3244,3,0)))
G20: CUSTO HORÁRIO TOTAL DE MÃO DE OBRA | Q20: =SUM(Q17:R19) -> 45.216
B21: PRODUÇÃO DA EQUIPE | E21: 700 | G21: CUSTO HORÁRIO TOTAL DE EXECUÇÃO | Q21: =TRUNC((Q20+Q13),4) -> 284.5024
G22: CUSTO UNITÁRIO DE EXECUÇÃO | Q22: =Q21/E21 -> 0.406432
B24: CUSTO UNITÁRIO TOTAL: | O24: =TRUNC((Q22),2) -> 0.4
B25: CPU 01 | D25: Regularização e espalhamento de mat organico area de jazida | Q25: Und.: | R25: m²
B26: A: | C26: EQUIPAMENTOS | H26: QUANT. | K26: UTILIZAÇÃO | O26: CUSTO OPERACIONAL | R26: CUSTO HORÁRIO TOTAL
K27: OPERATIVA | M27: IMPROD | O27: OPERATIVO | Q27: IMPROD
B28: E9042 | C28: Trator de Esteiras com Lâmina - 74,5 kw | H28: 1 | K28: 1 | M28: 0 | O28: 228.784 | Q28: 86.0074 | R28: =TRUNC((H28*+((K28*O28)+(M28*Q28))),4) -> 228.784
O29: =IF(ISERROR(VLOOKUP(B29,'[7]B.D EQUIPAMENTOS'!$A$2:$S$3179,4,0)),"",(VLOOKUP(B29,'[7]B.D EQUIPAMENTOS'!$A$2:$S$3179,4,0))) | Q29: =IF(ISERROR(VLOOKUP(B29,'[7]B.D EQUIPAMENTOS'!$A$2:$S$3179,3,0)),"",(VLOOKUP(B29,'[7]B.D EQUIPAMENTOS'!$A$2:$S$3179,3,0)))
B30: CUSTO HORÁRIO TOTAL DE EQUIPAMENTOS | Q30: =SUM(R28:R29) -> 228.784
B32: B: | C32: MÃO-DE-OBRA | K32: QUANT. | M32: UNIDADE | O32: CUSTO HORÁRIO | Q32: CUSTO HORÁRIO TOTAL
B34: P9824 | C34: Servente | K34: 2 | M34: H | O34: 17.4222 | Q34: =TRUNC(K34*O34,4) -> 34.8444
B35: P9875 | C35: Encarregado de Turma | K35: 0.0013 | M35: mês | O35: 4532.3362 | Q35: =TRUNC(K35*O35,4) -> 5.892
C36: =IF(ISERROR(VLOOKUP(B36,'[7]B.D MÃO DE OBRA'!$A$2:$B$3244,2,0)),"",(VLOOKUP(B36,'[7]B.D MÃO DE OBRA'!$A$2:$B$3244,2,0))) | O36: =IF(ISERROR(VLOOKUP(B36,'[7]B.D MÃO DE OBRA'!$A$2:$D$3244,3,0)),"",(VLOOKUP(B36,'[7]B.D MÃO DE OBRA'!$A$2:$D$3244,3,0)))
G37: CUSTO HORÁRIO TOTAL DE MÃO DE OBRA | Q37: =SUM(Q34:R36) -> 40.7364
B38: PRODUÇÃO DA EQUIPE | E38: 700 | G38: CUSTO HORÁRIO TOTAL DE EXECUÇÃO | Q38: =TRUNC((Q37+Q30),4) -> 269.5204
G39: CUSTO UNITÁRIO DE EXECUÇÃO | Q39: =Q38/E38 -> 0.38502914
B41: CUSTO UNITÁRIO TOTAL: | O41: =TRUNC((Q39),2) -> 0.38
F50: Eng. Civil Karoline Pagnussat
F51: CREA/MT 52669

Sheet Plan3
B3: PREFEITURA MUNICIPAL DE ARIPUANÃ - MT DEPARTAMENTO DE ENGENHARIA CIVIL Praça São Francisco de Assis, 128, Caixa Postal 91 – CEP 78.325-000, Aripuanã – MT, Fone : (66) 3565 – 3900 www.aripuana.mt.gov.br
B4: OBRA: | C4: =CFF!C5 -> PRESTAÇÃO DE SERVIÇOS PARA DESMATAMENTO, DESTOCAMENTO, LIMPEZA DE ÁREA, RECONFORMAÇÃO E RECUPERAÇÃO AMBIENTAL DE JAZIDAS E DOS BORDOS REFERENTE A OBRA DE PAVIMENTAÇÃO DA RODOVIA MT 208
B5: LOCAL: | C5: =CFF!C6 -> RODOVIA MT 208 - SENTIDO TUTILÂNDIA - ARIPUANÃ - MT | G5: TABELA DE REFERÊNCIA:
B6: PROP.: | C6: PREFEITURA MUNICIPAL DE ARIPUANÃ | E6: BDI: | F6: 0.2742 | G6: ='PLAN ORÇAMENTÁRIA'!L5 -> TAB. DE REF. CUSTO: SINAPI 10/2022 NÃO DESONERADA SICRO/DNIT/MT JULHO 2022
E7: DATA: | F7: OUTUBRO/2022
B8: COMPOSIÇÃO DE CUSTOS
B9: PMA CIV 001 | C9: PLACA DE OBRA EM AÇO GALVANIZADO | H9: M2
C10: CÓD. SINAPI | D10: DESCRIÇÃO | E10: UND | F10: QUANT | G10: P. UNIT | H10: P. TOTAL
B11: INSUMO | C11: 4417 | D11: SARRAFO DE MADEIRA NAO APARELHADA *2,5 X 7* CM, MACARANDUBA, ANGELIM OU EQUIVALENTE DA REGIAO | E11: M | F11: 1 | G11: 6.93 | H11: =G11*F11 -> 6.93
B12: INSUMO | C12: 4491 | D12: PECA DE MADEIRA NATIVA / REGIONAL 7,5 X 7,5CM (3X3) NAO APARELHADA (P/FORMA) | E12: M | F12: 4 | G12: 11.67 | H12: =G12*F12 -> 46.68
B13: INSUMO | C13: 4813 | D13: PLACA DE OBRA (PARA CONSTRUCAO CIVIL) EM CHAPA GALVANIZADA *N. 22*, DE *2,0 X 1,125* M | E13: M2 | F13: 1 | G13: 400 | H13: =G13*F13 -> 400
B14: INSUMO | C14: 5075 | D14: PREGO DE ACO POLIDO COM CABECA 18 X 30 (2 3/4 X 10) | E14: KG | F14: 0.11 | G14: 25.89 | H14: =G14*F14 -> 2.8479
B15: COMPOSIÇÃO | C15: 88262 | D15: CARPINTEIRO DE FORMAS COM ENCARGOS COMPLEMENTARES | E15: H | F15: 1 | G15: 24.32 | H15: =G15*F15 -> 24.32
B16: COMPOSIÇÃO | C16: 88316 | D16: SERVENTE COM ENCARGOS COMPLEMENTARES | E16: H | F16: 2 | G16: 19.45 | H16: =G16*F16 -> 38.9
B17: COMPOSIÇÃO | C17: 94962 | D17: CONCRETO MAGRO PARA LASTRO, TRAÇO 1:4,5:4,5 (CIMENTO/ AREIA MÉDIA/ BRITA 1) - PREPARO MECÂNICO COM BETONEIRA 400 L. AF_07/2016 | E17: M3 | F17: 0.01 | G17: 438.71 | H17: =G17*F17 -> 4.3871
B18: BASEADO NA COMPOSIÇÃO SINAPI CÓD. 74209/1 | G18: TOTAL | H18: =SUM(H11:H17) -> 524.065
D23: Eng. Karoline Pagnussat
D24: CREA/MT 52669

Sheet BDI
A2: ='PLAN ORÇAMENTÁRIA'!B2 -> PREFEITURA MUNICIPAL DE ARIPUANÃ - MT DEPARTAMENTO DE ENGENHARIA CIVIL Praça São Francisco de Assis, 128, Caixa Postal 91 – CEP 78.325-000, Aripuanã – MT, Fone : (66) 3565 – 3900 / 3565 3927 www.engenharia@aripuana.mt.gov.br
A3: TOMADA DE PREÇO N. 031 / 2020
A4: Obra: | B4: ='PLAN ORÇAMENTÁRIA'!C3 -> PRESTAÇÃO DE SERVIÇOS PARA DESMATAMENTO, DESTOCAMENTO, LIMPEZA DE ÁREA, RECONFORMAÇÃO E RECUPERAÇÃO AMBIENTAL DE JAZIDAS E DOS BORDOS REFERENTE A OBRA DE PAVIMENTAÇÃO DA RODOVIA MT 208
A5: Local: | B5: ='PLAN ORÇAMENTÁRIA'!C4 -> RODOVIA MT 208 - SENTIDO TUTILÂNDIA - ARIPUANÃ - MT
A6: PROPR:
A8: COMPOSIÇÃO ANALÍTICA DO BDI - RODOVIAS E FERROVIAS
A9: VALORES DE BDI POR TIPO DE OBRA %
A10: TIPO DE OBRA | B10: 1 Quartil | C10: Médio | D10: 3 Quartil
A11: Construção de Rodovias e Ferrovias | B11: 20.34 | C11: 22.12 | D11: 25
A13: DESCRIÇÃO | B13: VALORES DE REFERENCIA - % | E13: BDI ADOTADO %
B14: 1º QUARTIL | C14: MÉDIO | D14: 3º QUARTIL
A15: Administração Central | B15: 3.8 | C15: 4.01 | D15: 4.47 | E15: 3.8
A16: Seguro e Garantia | B16: 0.32 | C16: 0.4 | D16: 0.74 | E16: 0.32
A17: Risco | B17: 0.5 | C17: 0.56 | D17: 0.97 | E17: 0.5
A18: Despesas Financeiras | B18: 1.02 | C18: 1.11 | D18: 1.21 | E18: 1.02
A19: Lucro | B19: 6.64 | C19: 7.3 | D19: 8.69 | E19: 6.64
A20: TRIBUTOS (soma dos itens abaixo) | B20: =SUM(B21:B24) -> 9.65 | C20: =SUM(C21:C24) -> 11.15 | D20: =SUM(D21:D24) -> 13.15 | E20: =SUM(E21:E24) -> 13.15
A21: COFINS | B21: 3 | C21: 3 | D21: 3 | E21: 3
A22: PIS | B22: 0.65 | C22: 0.65 | D22: 0.65 | E22: 0.65
A23: ISSQN | B23: 1.5 | C23: 3 | D23: 5 | E23: 5
A24: INSS | B24: 4.5 | C24: 4.5 | D24: 4.5 | E24: 4.5
A25: TOTAL | E25: 29.77
A26: BDI = | B26: (1 + AC + S + R + G ) x ( 1 +DF) x (1 + L) | D26: -1
B27: ( 1 - I)
A28: AC = taxa de rateio da Administração Central
A29: DF = taxas das despesas financeiras
A30: S = taxa de seguro; R = taxa de risco e G = garantia do empreendimento;
A31: I = taxa de tributos
A32: L = taxa de lucro
A37: =[8]R.P.!A34 -> ENGº CARLOS ALEXANDRE CARNEIRO
A38: =[8]R.P.!A35 -> EMPRESA: Guizardi Jr. Const. e Incorp. LTDA
A39: Cuiabá, 27 de Novembro de 2020.

Sheet COMPOSIÇÕES PRINCIPAIS
A1: 01.CANT.OBRA.001/01 | B1: 93207 | C1: EXECUÇÃO DE ESCRITÓRIO EM CANTEIRO DE OBRA EM CHAPA DE MADEIRA COMPENSADA, NÃO INCLUSO MOBILIÁRIO E EQUIPAMENTOS. AF_02/2016 | D1: M2 | F1: Instalações para canteiros de obras
A2: SINAPI JUN 2020 DES | B2: CÓDIGO | C2: DESCRIÇAO | D2: UNIDADE | E2: CONSUMO | F2: CUSTO UNITÁRIO | G2: CUSTO TOTAL
A3: INSUMO | B3: 3080 | C3: FECHADURA DE EMBUTIR PARA PORTA EXTERNA / ENTRADA, MAQUINA 40 MM, COM CILINDRO, MACANETA ALAVANCA E ESPELHO EM METAL CROMADO - NIVEL SEGURANCA MEDIO - COMPLETA | D3: CJ | E3: 0,0578000 | F3: 44,00 | G3: =TRUNC(E3*F3,2) -> 2.54
A4: INSUMO | B4: 3097 | C4: FECHADURA DE EMBUTIR PARA PORTA DE BANHEIRO, TIPO TRANQUETA, MAQUINA 40 MM, MACANETAS ALAVANCA E ROSETAS REDONDAS EM METAL CROMADO - NIVEL SEGURANCA MEDIO - COMPLETA | D4: CJ | E4: 0,0385000 | F4: 32,92 | G4: =TRUNC(E4*F4,2) -> 1.26
A5: INSUMO | B5: 10886 | C5: EXTINTOR DE INCENDIO PORTATIL COM CARGA DE AGUA PRESSURIZADA DE 10 L, CLASSE A | D5: UN | E5: 0,0193000 | F5: 139,12 | G5: =TRUNC(E5*F5,2) -> 2.68
A6: INSUMO | B6: 10891 | C6: EXTINTOR DE INCENDIO PORTATIL COM CARGA DE PO QUIMICO SECO (PQS) DE 4 KG, CLASSE BC | D6: UN | E6: 0,0193000 | F6: 134,53 | G6: =TRUNC(E6*F6,2) -> 2.59
A7: INSUMO | B7: 11587 | C7: FORRO DE PVC LISO, BRANCO, REGUA DE 10 CM, ESPESSURA DE 8 MM A 10 MM (COM COLOCACAO / SEM ESTRUTURA METALICA) | D7: M2 | E7: 0,9938000 | F7: 46,77 | G7: =TRUNC(E7*F7,2) -> 46.48
A8: COMPOSICAO | B8: 74130/1 | C8: DISJUNTOR TERMOMAGNETICO MONOPOLAR PADRAO NEMA (AMERICANO) 10 A 30A 240V, FORNECIMENTO E INSTALACAO | D8: UN | E8: 0,1734000 | F8: 12,45 | G8: =TRUNC(E8*F8,2) -> 2.15
A9: COMPOSICAO | B9: 74166/1 | C9: CAIXA DE INSPEÇÃO EM CONCRETO PRÉ-MOLDADO DN 60CM COM TAMPA H= 60CM - FORNECIMENTO E INSTALACAO | D9: UN | E9: 0,0193000 | F9: 210,75 | G9: =TRUNC(E9*F9,2) -> 4.06
A10: COMPOSICAO | B10: 83463 | C10: QUADRO DE DISTRIBUICAO DE ENERGIA EM CHAPA DE ACO GALVANIZADO, PARA 12 DISJUNTORES TERMOMAGNETICOS MONOPOLARES, COM BARRAMENTO TRIFASICO E NEUTRO - FORNECIMENTO E INSTALACAO | D10: UN | E10: 0,0193000 | F10: 352,75 | G10: =TRUNC(E10*F10,2) -> 6.8
A11: COMPOSICAO | B11: 86888 | C11: VASO SANITÁRIO SIFONADO COM CAIXA ACOPLADA LOUÇA BRANCA - FORNECIMENTO E INSTALAÇÃO. AF_01/2020 | D11: UN | E11: 0,0385000 | F11: 343,37 | G11: =TRUNC(E11*F11,2) -> 13.21
A12: COMPOSICAO | B12: 86934 | C12: BANCADA DE MÁRMORE SINTÉTICO 120 X 60CM, COM CUBA INTEGRADA, INCLUSO SIFÃO TIPO FLEXÍVEL EM PVC, VÁLVULA EM PLÁSTICO CROMADO TIPO AMERICANA E TORNEIRA CROMADA LONGA, DE PAREDE, PADRÃO POPULAR - FORNECIMENTO E INSTALAÇÃO. AF_01/2020 | D12: UN | E12: 0,0193000 | F12: 251,71 | G12: =TRUNC(E12*F12,2) -> 4.85
A13: COMPOSICAO | B13: 86943 | C13: LAVATÓRIO LOUÇA BRANCA SUSPENSO, 29,5 X 39CM OU EQUIVALENTE, PADRÃO POPULAR, INCLUSO SIFÃO FLEXÍVEL EM PVC, VÁLVULA E ENGATE FLEXÍVEL 30CM EM PLÁSTICO E TORNEIRA CROMADA DE MESA, PADRÃO POPULAR - FORNECIMENTO E INSTALAÇÃO. AF_01/2020 | D13: UN | E13: 0,0385000 | F13: 176,79 | G13: =TRUNC(E13*F13,2) -> 6.8
A14: COMPOSICAO | B14: 87548 | C14: MASSA ÚNICA, PARA RECEBIMENTO DE PINTURA, EM ARGAMASSA TRAÇO 1:2:8, PREPARO MANUAL, APLICADA MANUALMENTE EM FACES INTERNAS DE PAREDES, ESPESSURA DE 10MM, COM EXECUÇÃO DE TALISCAS. AF_06/2014 | D14: M2 | E14: 0,0385000 | F14: 17,33 | G14: =TRUNC(E14*F14,2) -> 0.66
... A76: COMPOSICAO | B76: 101165 | C76: ALVENARIA DE EMBASAMENTO COM BLOCO ESTRUTURAL DE CONCRETO, DE 14X19X29CM E ARGAMASSA DE ASSENTAMENTO COM PREPARO EM BETONEIRA. AF_05/2020 | D76: M3 | E76: 0,0239000 | F76: 628,15 | G76: =TRUNC(E76*F76,2) -> 15.01
A77: CUSTO TOTAL SEM BDI | G77: =SUM(G3:G76) -> 686.77
A78: 01.CANT.OBRA.003/01 | B78: 93208 | C78: EXECUÇÃO DE ALMOXARIFADO EM CANTEIRO DE OBRA EM CHAPA DE MADEIRA COMPENSADA, INCLUSO PRATELEIRAS. AF_02/2016 | D78: M2 | F78: Instalações para canteiros de obras
A79: SINAPI JUN 2020 DES | B79: CÓDIGO | C79: DESCRIÇAO | D79: UNIDADE | E79: CONSUMO | F79: CUSTO UNITÁRIO | G79: CUSTO TOTAL
A80: INSUMO | B80: 4513 | C80: CAIBRO DE MADEIRA NAO APARELHADA 5 X 5 CM (2 X 2 ") PINUS, MISTA OU EQUIVALENTE DA REGIAO | D80: M | E80: 3,4844000 | F80: 4,87 | G80: =TRUNC(E80*F80,2) -> 16.96
A81: INSUMO | B81: 6193 | C81: TABUA DE MADEIRA NAO APARELHADA *2,5 X 20* CM, CEDRINHO OU EQUIVALENTE DA REGIAO | D81: M | E81: 3,9174000 | F81: 5,98 | G81: =TRUNC(E81*F81,2) -> 23.42
A82: INSUMO | B82: 10886 | C82: EXTINTOR DE INCENDIO PORTATIL COM CARGA DE AGUA PRESSURIZADA DE 10 L, CLASSE A | D82: UN | E82: 0,0252000 | F82: 139,12 | G82: =TRUNC(E82*F82,2) -> 3.5
A83: INSUMO | B83: 10891 | C83: EXTINTOR DE INCENDIO PORTATIL COM CARGA DE PO QUIMICO SECO (PQS) DE 4 KG, CLASSE BC | D83: UN | E83: 0,0252000 | F83: 134,53 | G83: =TRUNC(E83*F83,2) -> 3.39
A84: INSUMO | B84: 11455 | C84: FECHO / TRINCO / FERROLHO FIO REDONDO, DE SOBREPOR, 8", EM ACO GALVANIZADO / ZINCADO | D84: UN | E84: 0,0252000 | F84: 9,08 | G84: =TRUNC(E84*F84,2) -> 0.22
A85: INSUMO | B85: 11587 | C85: FORRO DE PVC LISO, BRANCO, REGUA DE 10 CM, ESPESSURA DE 8 MM A 10 MM (COM COLOCACAO / SEM ESTRUTURA METALICA) | D85: M2 | E85: 1,0000000 | F85: 46,77 | G85: =TRUNC(E85*F85,2) -> 46.77
A86: COMPOSICAO | B86: 74130/1 | C86: DISJUNTOR TERMOMAGNETICO MONOPOLAR PADRAO NEMA (AMERICANO) 10 A 30A 240V, FORNECIMENTO E INSTALACAO | D86: UN | E86: 0,0504000 | F86: 12,45 | G86: =TRUNC(E86*F86,2) -> 0.62
A87: COMPOSICAO | B87: 84402 | C87: QUADRO DE DISTRIBUICAO DE ENERGIA P/ 6 DISJUNTORES TERMOMAGNETICOS MONOPOLARES SEM BARRAMENTO, DE EMBUTIR, EM CHAPA METALICA - FORNECIMENTO E INSTALACAO | D87: UN | E87: 0,0252000 | F87: 76,28 | G87: =TRUNC(E87*F87,2) -> 1.92
A88: COMPOSICAO | B88: 88262 | C88: CARPINTEIRO DE FORMAS COM ENCARGOS COMPLEMENTARES | D88: H | E88: 0,9794000 | F88: 17,64 | G88: =TRUNC(E88*F88,2) -> 17.27
A89: COMPOSICAO | B89: 88487 | C89: APLICAÇÃO MANUAL DE PINTURA COM TINTA LÁTEX PVA EM PAREDES, DUAS DEMÃOS. AF_06/2014 | D89: M2 | E89: 3,7457000 | F89: 8,99 | G89: =TRUNC(E89*F89,2) -> 33.67
A90: COMPOSICAO | B90: 91170 | C90: FIXAÇÃO DE TUBOS HORIZONTAIS DE PVC, CPVC OU COBRE DIÂMETROS MENORES OU IGUAIS A 40 MM OU ELETROCALHAS ATÉ 150MM DE LARGURA, COM ABRAÇADEIRA METÁLICA RÍGIDA TIPO D 1/2, FIXADA EM PERFILADO EM LAJE. AF_05/2015 | D90: M | E90: 0,2518000 | F90: 2,21 | G90: =TRUNC(E90*F90,2) -> 0.55
A91: COMPOSICAO | B91: 91173 | C91: FIXAÇÃO DE TUBOS VERTICAIS DE PPR DIÂMETROS MENORES OU IGUAIS A 40 MM COM ABRAÇADEIRA METÁLICA RÍGIDA TIPO D 1/2", FIXADA EM PERFILADO EM ALVENARIA. AF_05/2015 | D91: M | E91: 0,2266000 | F91: 1,12 | G91: =TRUNC(E91*F91,2) -> 0.25
... A121: COMPOSICAO | B121: 101165 | C121: ALVENARIA DE EMBASAMENTO COM BLOCO ESTRUTURAL DE CONCRETO, DE 14X19X29CM E ARGAMASSA DE ASSENTAMENTO COM PREPARO EM BETONEIRA. AF_05/2020 | D121: M3 | E121: 0,0269000 | F121: 628,15 | G121: =TRUNC(E121*F121,2) -> 16.89
A122: CUSTO TOTAL SEM BDI | G122: =SUM(G80:G121) -> 522.12
A123: 01.CANT.OBRA.013/01 | B123: 93584 | C123: EXECUÇÃO DE DEPÓSITO EM CANTEIRO DE OBRA EM CHAPA DE MADEIRA COMPENSADA, NÃO INCLUSO MOBILIÁRIO. AF_04/2016 | D123: M2 | F123: Instalações para canteiros de obras
A124: SINAPI JUN 2020 DES | B124: CÓDIGO | C124: DESCRIÇAO | D124: UNIDADE | E124: CONSUMO | F124: CUSTO UNITÁRIO | G124: CUSTO TOTAL
A125: INSUMO | B125: 11455 | C125: FECHO / TRINCO / FERROLHO FIO REDONDO, DE SOBREPOR, 8", EM ACO GALVANIZADO / ZINCADO | D125: UN | E125: 0,0662000 | F125: 9,08 | G125: =TRUNC(E125*F125,2) -> 0.6
A126: COMPOSICAO | B126: 88487 | C126: APLICAÇÃO MANUAL DE PINTURA COM TINTA LÁTEX PVA EM PAREDES, DUAS DEMÃOS. AF_06/2014 | D126: M2 | E126: 5,0649000 | F126: 8,99 | G126: =TRUNC(E126*F126,2) -> 45.53
A127: COMPOSICAO | B127: 91170 | C127: FIXAÇÃO DE TUBOS HORIZONTAIS DE PVC, CPVC OU COBRE DIÂMETROS MENORES OU IGUAIS A 40 MM OU ELETROCALHAS ATÉ 150MM DE LARGURA, COM ABRAÇADEIRA METÁLICA RÍGIDA TIPO D 1/2, FIXADA EM PERFILADO EM LAJE. AF_05/2015 | D127: M | E127: 0,1325000 | F127: 2,21 | G127: =TRUNC(E127*F127,2) -> 0.29
A128: COMPOSICAO | B128: 91173 | C128: FIXAÇÃO DE TUBOS VERTICAIS DE PPR DIÂMETROS MENORES OU IGUAIS A 40 MM COM ABRAÇADEIRA METÁLICA RÍGIDA TIPO D 1/2", FIXADA EM PERFILADO EM ALVENARIA. AF_05/2015 | D128: M | E128: 0,1722000 | F128: 1,12 | G128: =TRUNC(E128*F128,2) -> 0.19
A129: COMPOSICAO | B129: 91341 | C129: PORTA EM ALUMÍNIO DE ABRIR TIPO VENEZIANA COM GUARNIÇÃO, FIXAÇÃO COM PARAFUSOS - FORNECIMENTO E INSTALAÇÃO. AF_12/2019 | D129: M2 | E129: 0,1530000 | F129: 597,25 | G129: =TRUNC(E129*F129,2) -> 91.37
A130: COMPOSICAO | B130: 91852 | C130: ELETRODUTO FLEXÍVEL CORRUGADO, PVC, DN 20 MM (1/2"), PARA CIRCUITOS TERMINAIS, INSTALADO EM PAREDE - FORNECIMENTO E INSTALAÇÃO. AF_12/2015 | D130: M | E130: 0,0662000 | F130: 5,53 | G130: =TRUNC(E130*F130,2) -> 0.36
A131: COMPOSICAO | B131: 91862 | C131: ELETRODUTO RÍGIDO ROSCÁVEL, PVC, DN 20 MM (1/2"), PARA CIRCUITOS TERMINAIS, INSTALADO EM FORRO - FORNECIMENTO E INSTALAÇÃO. AF_12/2015 | D131: M | E131: 0,1325000 | F131: 6,51 | G131: =TRUNC(E131*F131,2) -> 0.86
A132: COMPOSICAO | B132: 91870 | C132: ELETRODUTO RÍGIDO ROSCÁVEL, PVC, DN 20 MM (1/2"), PARA CIRCUITOS TERMINAIS, INSTALADO EM PAREDE - FORNECIMENTO E INSTALAÇÃO. AF_12/2015 | D132: M | E132: 0,1722000 | F132: 7,14 | G132: =TRUNC(E132*F132,2) -> 1.22
A133: COMPOSICAO | B133: 91924 | C133: CABO DE COBRE FLEXÍVEL ISOLADO, 1,5 MM², ANTI-CHAMA 450/750 V, PARA CIRCUITOS TERMINAIS - FORNECIMENTO E INSTALAÇÃO. AF_12/2015 | D133: M | E133: 0,6755000 | F133: 1,86 | G133: =TRUNC(E133*F133,2) -> 1.25
A134: COMPOSICAO | B134: 92023 | C134: INTERRUPTOR SIMPLES (1 MÓDULO) COM 1 TOMADA DE EMBUTIR 2P+T 10 A, INCLUINDO SUPORTE E PLACA - FORNECIMENTO E INSTALAÇÃO. AF_12/2015 | D134: UN | E134: 0,0662000 | F134: 29,13 | G134: =TRUNC(E134*F134,2) -> 1.92
A135: COMPOSICAO | B135: 92543 | C135: TRAMA DE MADEIRA COMPOSTA POR TERÇAS PARA TELHADOS DE ATÉ 2 ÁGUAS PARA TELHA ONDULADA DE FIBROCIMENTO, METÁLICA, PLÁSTICA OU TERMOACÚSTICA, INCLUSO TRANSPORTE VERTICAL. AF_07/2019 | D135: M2 | E135: 1,7192000 | F135: 10,55 | G135: =TRUNC(E135*F135,2) -> 18.13
A136: COMPOSICAO | B136: 93358 | C136: ESCAVAÇÃO MANUAL DE VALA COM PROFUNDIDADE MENOR OU IGUAL A 1,30 M. AF_03/2016 | D136: M3 | E136: 0,0404000 | F136: 56,84 | G136: =TRUNC(E136*F136,2) -> 2.29
... A148: COMPOSICAO | B148: 101165 | C148: ALVENARIA DE EMBASAMENTO COM BLOCO ESTRUTURAL DE CONCRETO, DE 14X19X29CM E ARGAMASSA DE ASSENTAMENTO COM PREPARO EM BETONEIRA. AF_05/2020 | D148: M3 | E148: 0,0417000 | F148: 628,15 | G148: =TRUNC(E148*F148,2) -> 26.19
A149: CUSTO TOTAL SEM BDI | G149: =SUM(G125:G148) -> 543.21
A150: 01.CANT.OBRA.013/01 | B150: COMP 01 | C150: PLACA DE OBRA EM CHAPA GALVANIZADA | D150: M2 | F150: Instalações para canteiros de obras
A151: SINAPI JUN 2020 DES | B151: CÓDIGO | C151: DESCRIÇAO | D151: UNIDADE | E151: CONSUMO | F151: CUSTO UNITÁRIO | G151: CUSTO TOTAL
A152: INSUMO | B152: 4417 | C152: SARRAFO DE MADEIRA NAO APARELHADA *2,5 X 7* CM, MACARANDUBA, ANGELIM OU EQUIVALENTE DA REGIAO | D152: M | E152: 1 | F152: 3.01 | G152: =TRUNC(F152*E152,2) -> 3.01
A153: INSUMO | B153: 4491 | C153: PONTALETE DE MADEIRA NAO APARELHADA *7,5 X 7,5* CM (3 X 3 ") PINUS, MISTA OU EQUIVALENTE DA REGIAO | D153: M | E153: 4 | F153: 5.58 | G153: =TRUNC(F153*E153,2) -> 22.32
A154: INSUMO | B154: 4813 | C154: PLACA DE OBRA (PARA CONSTRUCAO CIVIL) EM CHAPA GALVANIZADA *N. 22*, ADESIVADA, DE *2,0 X 1,125* M | D154: M2 | E154: 1 | F154: 300 | G154: =TRUNC(F154*E154,2) -> 300
A155: INSUMO | B155: 5075 | C155: PREGO DE ACO POLIDO COM CABECA 18 X 30 (2 3/4 X 10) | D155: KG | E155: 0.11 | F155: 11.18 | G155: =TRUNC(F155*E155,2) -> 1.22
A156: COMPOSICAO | B156: 94962 | C156: CONCRETO MAGRO PARA LASTRO, TRAÇO 1:4,5:4,5 (CIMENTO/ AREIA MÉDIA/ BRITA 1) - PREPARO MECÂNICO COM BETONEIRA 400 L. AF_07/2016 | D156: M3 | E156: 0.01 | F156: 255.78 | G156: =TRUNC(F156*E156,2) -> 2.55
A157: TOTAL MATERIAIS/EQUIPAMENTO/OUTROS DIVERSOS | G157: =SUM(G152:G156) -> 329.1
A158: COMPOSICAO | B158: 88262 | C158: CARPINTEIRO DE FORMAS COM ENCARGOS COMPLEMENTARES | D158: H | E158: 1 | F158: 17.64 | G158: =TRUNC(F158*E158,2) -> 17.64
A159: COMPOSICAO | B159: 88316 | C159: SERVENTE COM ENCARGOS COMPLEMENTARES | D159: H | E159: 2 | F159: 14.37 | G159: =TRUNC(F159*E159,2) -> 28.74
A160: TOTAL MÃO DE OBRA COM ENCARGOS SOCIAIS | G160: =SUM(G158:G159) -> 46.38
A161: CUSTO TOTAL SEM BDI | G161: =G157+G160 -> 375.48
A162: 03.SEDI.ECOM.101/01 | B162: 90778 | C162: ENGENHEIRO CIVIL DE OBRA PLENO COM ENCARGOS COMPLEMENTARES | D162: H | F162: Encargos Complementares
A163: SINAPI JUN 2020 DES | B163: CÓDIGO | C163: DESCRIÇAO | D163: UNIDADE | E163: CONSUMO | F163: CUSTO UNITÁRIO | G163: CUSTO TOTAL
A164: INSUMO | B164: 2707 | C164: ENGENHEIRO CIVIL DE OBRA PLENO | D164: H | E164: 1,0000000 | F164: 88,09 | G164: =TRUNC(F164*E164,2) -> 88.09
A165: INSUMO | B165: 37372 | C165: EXAMES - HORISTA (COLETADO CAIXA) | D165: H | E165: 1,0000000 | F165: 0,35 | G165: =TRUNC(F165*E165,2) -> 0.35
A166: INSUMO | B166: 37373 | C166: SEGURO - HORISTA (COLETADO CAIXA) | D166: H | E166: 1,0000000 | F166: 0,07 | G166: =TRUNC(F166*E166,2) -> 0.07
A167: INSUMO | B167: 43462 | C167: FERRAMENTAS - FAMILIA ENGENHEIRO CIVIL - HORISTA (ENCARGOS COMPLEMENTARES - COLETADO CAIXA) | D167: H | E167: 1,0000000 | F167: 0,01 | G167: =TRUNC(F167*E167,2) -> 0.01
A168: INSUMO | B168: 43486 | C168: EPI - FAMILIA ENGENHEIRO CIVIL - HORISTA (ENCARGOS COMPLEMENTARES - COLETADO CAIXA) | D168: H | E168: 1,0000000 | F168: 0,57 | G168: =TRUNC(F168*E168,2) -> 0.57
A169: COMPOSICAO | B169: 95403 | C169: CURSO DE CAPACITAÇÃO PARA ENGENHEIRO CIVIL DE OBRA PLENO (ENCARGOS COMPLEMENTARES) - HORISTA | D169: H | E169: 1,0000000 | F169: 0,89 | G169: =TRUNC(F169*E169,2) -> 0.89
A170: CUSTO TOTAL SEM BDI | G170: =SUM(G164:G169) -> 89.98
A171: 03.SEDI.ECOM.103/01 | B171: 90780 | C171: MESTRE DE OBRAS COM ENCARGOS COMPLEMENTARES | D171: H | F171: Encargos Complementares
A172: SINAPI JUN 2020 DES | B172: CÓDIGO | C172: DESCRIÇAO | D172: UNIDADE | E172: CONSUMO | F172: CUSTO UNITÁRIO | G172: CUSTO TOTAL
A173: INSUMO | B173: 4069 | C173: MESTRE DE OBRAS | D173: H | E173: 1,0000000 | F173: 26,00 | G173: =TRUNC(F173*E173,2) -> 26
A174: INSUMO | B174: 37372 | C174: EXAMES - HORISTA (COLETADO CAIXA) | D174: H | E174: 1,0000000 | F174: 0,35 | G174: =TRUNC(F174*E174,2) -> 0.35
A175: INSUMO | B175: 37373 | C175: SEGURO - HORISTA (COLETADO CAIXA) | D175: H | E175: 1,0000000 | F175: 0,07 | G175: =TRUNC(F175*E175,2) -> 0.07
A176: INSUMO | B176: 43463 | C176: FERRAMENTAS - FAMILIA ENCARREGADO GERAL - HORISTA (ENCARGOS COMPLEMENTARES - COLETADO CAIXA) | D176: H | E176: 1,0000000 | F176: 0,08 | G176: =TRUNC(F176*E176,2) -> 0.08
A177: INSUMO | B177: 43487 | C177: EPI - FAMILIA ENCARREGADO GERAL - HORISTA (ENCARGOS COMPLEMENTARES - COLETADO CAIXA) | D177: H | E177: 1,0000000 | F177: 0,95 | G177: =TRUNC(F177*E177,2) -> 0.95
A178: COMPOSICAO | B178: 95405 | C178: CURSO DE CAPACITAÇÃO PARA MESTRE DE OBRAS (ENCARGOS COMPLEMENTARES) - HORISTA | D178: H | E178: 1,0000000 | F178: 0,37 | G178: =TRUNC(F178*E178,2) -> 0.37
A179: CUSTO TOTAL SEM BDI | G179: =SUM(G173:G178) -> 27.82
A180: 03.SEDI.ECOM.095/01 | B180: 90772 | C180: AUXILIAR DE ESCRITORIO COM ENCARGOS COMPLEMENTARES | D180: H | F180: Encargos Complementares
A181: SINAPI JUN 2020 DES | B181: CÓDIGO | C181: DESCRIÇAO | D181: UNIDADE | E181: CONSUMO | F181: CUSTO UNITÁRIO | G181: CUSTO TOTAL
A182: INSUMO | B182: 2350 | C182: AUXILIAR DE ESCRITORIO | D182: H | E182: 1,0000000 | F182: 10,30 | G182: =TRUNC(F182*E182,2) -> 10.3
A183: INSUMO | B183: 37372 | C183: EXAMES - HORISTA (COLETADO CAIXA) | D183: H | E183: 1,0000000 | F183: 0,35 | G183: =TRUNC(F183*E183,2) -> 0.35
A184: INSUMO | B184: 37373 | C184: SEGURO - HORISTA (COLETADO CAIXA) | D184: H | E184: 1,0000000 | F184: 0,07 | G184: =TRUNC(F184*E184,2) -> 0.07
A185: INSUMO | B185: 43458 | C185: FERRAMENTAS - FAMILIA ALMOXARIFE - HORISTA (ENCARGOS COMPLEMENTARES - COLETADO CAIXA) | D185: H | E185: 1,0000000 | F185: 0,04 | G185: =TRUNC(F185*E185,2) -> 0.04
A186: INSUMO | B186: 43482 | C186: EPI - FAMILIA ALMOXARIFE - HORISTA (ENCARGOS COMPLEMENTARES - COLETADO CAIXA) | D186: H | E186: 1,0000000 | F186: 0,61 | G186: =TRUNC(F186*E186,2) -> 0.61
A187: COMPOSICAO | B187: 95398 | C187: CURSO DE CAPACITAÇÃO PARA AUXILIAR DE ESCRITÓRIO (ENCARGOS COMPLEMENTARES) - HORISTA | D187: H | E187: 1,0000000 | F187: 0,03 | G187: =TRUNC(F187*E187,2) -> 0.03
A188: CUSTO TOTAL SEM BDI | G188: =SUM(G180:G187) -> 11.4
A189: 03.SEDI.ECOM.085/01 | B189: 88326 | C189: VIGIA NOTURNO COM ENCARGOS COMPLEMENTARES | D189: H | F189: Encargos Complementares
A190: SINAPI JUN 2020 DES | B190: CÓDIGO | C190: DESCRIÇAO | D190: UNIDADE | E190: CONSUMO | F190: CUSTO UNITÁRIO | G190: CUSTO TOTAL
A191: INSUMO | B191: 37370 | C191: ALIMENTACAO - HORISTA (COLETADO CAIXA) | D191: H | E191: 1,0000000 | F191: 2,20 | G191: =TRUNC(F191*E191,2) -> 2.2
A192: INSUMO | B192: 37371 | C192: TRANSPORTE - HORISTA (COLETADO CAIXA) | D192: H | E192: 1,0000000 | F192: 0,71 | G192: =TRUNC(F192*E192,2) -> 0.71
A193: INSUMO | B193: 37372 | C193: EXAMES - HORISTA (COLETADO CAIXA) | D193: H | E193: 1,0000000 | F193: 0,35 | G193: =TRUNC(F193*E193,2) -> 0.35
A194: INSUMO | B194: 37373 | C194: SEGURO - HORISTA (COLETADO CAIXA) | D194: H | E194: 1,0000000 | F194: 0,07 | G194: =TRUNC(F194*E194,2) -> 0.07
A195: INSUMO | B195: 41776 | C195: VIGIA NOTURNO, HORA EFETIVAMENTE TRABALHADA DE 22 H AS 5 H (COM ADICIONAL NOTURNO) | D195: H | E195: 1,0000000 | F195: 13,58 | G195: =TRUNC(F195*E195,2) -> 13.58
A196: INSUMO | B196: 43467 | C196: FERRAMENTAS - FAMILIA SERVENTE - HORISTA (ENCARGOS COMPLEMENTARES - COLETADO CAIXA) | D196: H | E196: 1,0000000 | F196: 0,38 | G196: =TRUNC(F196*E196,2) -> 0.38
A197: INSUMO | B197: 43491 | C197: EPI - FAMILIA SERVENTE - HORISTA (ENCARGOS COMPLEMENTARES - COLETADO CAIXA) | D197: H | E197: 1,0000000 | F197: 1,02 | G197: =TRUNC(F197*E197,2) -> 1.02
A198: COMPOSICAO | B198: 95388 | C198: CURSO DE CAPACITAÇÃO PARA VIGIA NOTURNO (ENCARGOS COMPLEMENTARES) - HORISTA | D198: H | E198: 1,0000000 | F198: 0,04 | G198: =TRUNC(F198*E198,2) -> 0.04
A199: CUSTO TOTAL SEM BDI | G199: =SUM(G191:G198) -> 18.35
A200: 03.SEDI.ECOM.089/01 | B200: 90766 | C200: ALMOXARIFE COM ENCARGOS COMPLEMENTARES | D200: H | F200: Encargos Complementares
A201: SINAPI JUN 2020 DES | B201: CÓDIGO | C201: DESCRIÇAO | D201: UNIDADE | E201: CONSUMO | F201: CUSTO UNITÁRIO | G201: CUSTO TOTAL
...

Sheet COMPOSIÇÕES AUXILIARES
A1: NÃO AFERIDA | B1: 74130/1 | C1: DISJUNTOR TERMOMAGNETICO MONOPOLAR PADRAO NEMA (AMERICANO) 10 A 30A 240V, FORNECIMENTO E INSTALACAO | D1: UN | F1: SEM CADERNO TÉCNICO ATRIBUÍDO
A2: SINAPI JUN 2020 DES | B2: CÓDIGO | C2: DESCRIÇAO | D2: UNIDADE | E2: CONSUMO | F2: CUSTO UNITÁRIO | G2: CUSTO TOTAL
A3: INSUMO | B3: 2370 | C3: DISJUNTOR TIPO NEMA, MONOPOLAR 10 ATE 30A, TENSAO MAXIMA DE 240 V | D3: UN | E3: 1,0000000 | F3: 10,16 | G3: =TRUNC(F3*E3,2) -> 10.16
A4: COMPOSICAO | B4: 88264 | C4: ELETRICISTA COM ENCARGOS COMPLEMENTARES | D4: H | E4: 0,1250000 | F4: 18,38 | G4: =TRUNC(F4*E4,2) -> 2.29
A5: CUSTO TOTAL SEM BDI | G5: =SUM(G3:G4) -> 12.45
A6: NÃO AFERIDA | B6: 74166/1 | C6: CAIXA DE INSPEÇÃO EM CONCRETO PRÉ-MOLDADO DN 60CM COM TAMPA H= 60CM - FORNECIMENTO E INSTALACAO | D6: UN | F6: SEM CADERNO TÉCNICO ATRIBUÍDO
A7: SINAPI JUN 2020 DES | B7: CÓDIGO | C7: DESCRIÇAO | D7: UNIDADE | E7: CONSUMO | F7: CUSTO UNITÁRIO | G7: CUSTO TOTAL
A8: INSUMO | B8: 370 | C8: AREIA MEDIA - POSTO JAZIDA/FORNECEDOR (RETIRADO NA JAZIDA, SEM TRANSPORTE) | D8: M3 | E8: 0,0020000 | F8: 62,50 | G8: =TRUNC(F8*E8,2) -> 0.12
A9: INSUMO | B9: 1379 | C9: CIMENTO PORTLAND COMPOSTO CP II-32 | D9: KG | E9: 2,0000000 | F9: 0,49 | G9: =TRUNC(F9*E9,2) -> 0.98
A10: INSUMO | B10: 3279 | C10: CAIXA INSPECAO, CONCRETO PRE MOLDADO, CIRCULAR, COM TAMPA, D = 60* CM, H= 60* CM | D10: UN | E10: 1,0000000 | F10: 129,80 | G10: =TRUNC(F10*E10,2) -> 129.8
A11: COMPOSICAO | B11: 88248 | C11: AUXILIAR DE ENCANADOR OU BOMBEIRO HIDRÁULICO COM ENCARGOS COMPLEMENTARES | D11: H | E11: 1,0000000 | F11: 13,87 | G11: =TRUNC(F11*E11,2) -> 13.87
A12: COMPOSICAO | B12: 88267 | C12: ENCANADOR OU BOMBEIRO HIDRÁULICO COM ENCARGOS COMPLEMENTARES | D12: H | E12: 1,0000000 | F12: 17,79 | G12: =TRUNC(F12*E12,2) -> 17.79
A13: COMPOSICAO | B13: 88309 | C13: PEDREIRO COM ENCARGOS COMPLEMENTARES | D13: H | E13: 1,5000000 | F13: 17,76 | G13: =TRUNC(F13*E13,2) -> 26.64
A14: COMPOSICAO | B14: 88316 | C14: SERVENTE COM ENCARGOS COMPLEMENTARES | D14: H | E14: 1,5000000 | F14: 14,37 | G14: =TRUNC(F14*E14,2) -> 21.55
A15: CUSTO TOTAL SEM BDI | G15: =SUM(G8:G14) -> 210.75
A16: NÃO AFERIDA | B16: 83463 | C16: QUADRO DE DISTRIBUICAO DE ENERGIA EM CHAPA DE ACO GALVANIZADO, PARA 12 DISJUNTORES TERMOMAGNETICOS MONOPOLARES, COM BARRAMENTO TRIFASICO E NEUTRO - FORNECIMENTO E INSTALACAO | D16: UN | F16: SEM CADERNO TÉCNICO ATRIBUÍDO
A17: SINAPI JUN 2020 DES | B17: CÓDIGO | C17: DESCRIÇAO | D17: UNIDADE | E17: CONSUMO | F17: CUSTO UNITÁRIO | G17: CUSTO TOTAL
A18: INSUMO | B18: 13393 | C18: QUADRO DE DISTRIBUICAO COM BARRAMENTO TRIFASICO, DE EMBUTIR, EM CHAPA DE ACO GALVANIZADO, PARA 12 DISJUNTORES DIN, 100 A | D18: UN | E18: 1,0000000 | F18: 287,33 | G18: =TRUNC(F18*E18,2) -> 287.33
A19: COMPOSICAO | B19: 88247 | C19: AUXILIAR DE ELETRICISTA COM ENCARGOS COMPLEMENTARES | D19: H | E19: 2,0000000 | F19: 14,33 | G19: =TRUNC(F19*E19,2) -> 28.66
A20: COMPOSICAO | B20: 88264 | C20: ELETRICISTA COM ENCARGOS COMPLEMENTARES | D20: H | E20: 2,0000000 | F20: 18,38 | G20: =TRUNC(F20*E20,2) -> 36.76
A21: CUSTO TOTAL SEM BDI | G21: =SUM(G18:G20) -> 352.75
A22: 02.INHI.ASLM.011/01 | B22: 86888 | C22: VASO SANITÁRIO SIFONADO COM CAIXA ACOPLADA LOUÇA BRANCA - FORNECIMENTO E INSTALAÇÃO. AF_01/2020 | D22: UN | F22: Louças e Metais
A23: SINAPI JUN 2020 DES | B23: CÓDIGO | C23: DESCRIÇAO | D23: UNIDADE | E23: CONSUMO | F23: CUSTO UNITÁRIO | G23: CUSTO TOTAL
A24: INSUMO | B24: 4384 | C24: PARAFUSO NIQUELADO COM ACABAMENTO CROMADO PARA FIXAR PECA SANITARIA, INCLUI PORCA CEGA, ARRUELA E BUCHA DE NYLON TAMANHO S-10 | D24: UN | E24: 2,0000000 | F24: 15,58 | G24: =TRUNC(F24*E24,2) -> 31.16
A25: INSUMO | B25: 6138 | C25: VEDACAO PVC, 100 MM, PARA SAIDA VASO SANITARIO | D25: UN | E25: 1,0000000 | F25: 1,83 | G25: =TRUNC(F25*E25,2) -> 1.83
A26: INSUMO | B26: 10422 | C26: BACIA SANITARIA (VASO) COM CAIXA ACOPLADA, DE LOUCA BRANCA | D26: UN | E26: 1,0000000 | F26: 285,16 | G26: =TRUNC(F26*E26,2) -> 285.16
A27: INSUMO | B27: 37329 | C27: REJUNTE EPOXI BRANCO | D27: KG | E27: 0,0881000 | F27: 57,59 | G27: =TRUNC(F27*E27,2) -> 5.07
A28: COMPOSICAO | B28: 88267 | C28: ENCANADOR OU BOMBEIRO HIDRÁULICO COM ENCARGOS COMPLEMENTARES | D28: H | E28: 0,7791000 | F28: 17,79 | G28: =TRUNC(F28*E28,2) -> 13.86
A29: COMPOSICAO | B29: 88316 | C29: SERVENTE COM ENCARGOS COMPLEMENTARES | D29: H | E29: 0,4384000 | F29: 14,37 | G29: =TRUNC(F29*E29,2) -> 6.29
A30: CUSTO TOTAL SEM BDI | G30: =SUM(G24:G29) -> 343.37
A31: 02.INHI.ASLM.034/02 | B31: 86934 | C31: BANCADA DE MÁRMORE SINTÉTICO 120 X 60CM, COM CUBA INTEGRADA, INCLUSO SIFÃO TIPO FLEXÍVEL EM PVC, VÁLVULA EM PLÁSTICO CROMADO TIPO AMERICANA E TORNEIRA CROMADA LONGA, DE PAREDE, PADRÃO POPULAR - FORNECIMENTO E INSTALAÇÃO. AF_01/2020 | D31: UN | F31: Louças e Metais
A32: SINAPI JUN 2020 DES | B32: CÓDIGO | C32: DESCRIÇAO | D32: UNIDADE | E32: CONSUMO | F32: CUSTO UNITÁRIO | G32: CUSTO TOTAL
A33: COMPOSICAO | B33: 86880 | C33: VÁLVULA EM PLÁSTICO CROMADO TIPO AMERICANA 3.1/2 X 1.1/2 SEM ADAPTADOR PARA PIA - FORNECIMENTO E INSTALAÇÃO. AF_01/2020 | D33: UN | E33: 1,0000000 | F33: 17,15 | G33: =TRUNC(F33*E33,2) -> 17.15
A34: COMPOSICAO | B34: 86883 | C34: SIFÃO DO TIPO FLEXÍVEL EM PVC 1 X 1.1/2 - FORNECIMENTO E INSTALAÇÃO. AF_01/2020 | D34: UN | E34: 1,0000000 | F34: 10,02 | G34: =TRUNC(F34*E34,2) -> 10.02
A35: COMPOSICAO | B35: 86894 | C35: BANCADA DE MÁRMORE SINTÉTICO, DE 120 X 60CM, COM CUBA INTEGRADA - FORNECIMENTO E INSTALAÇÃO. AF_01/2020 | D35: UN | E35: 1,0000000 | F35: 182,54 | G35: =TRUNC(F35*E35,2) -> 182.54
A36: COMPOSICAO | B36: 86911 | C36: TORNEIRA CROMADA LONGA, DE PAREDE, 1/2 OU 3/4, PARA PIA DE COZINHA, PADRÃO POPULAR - FORNECIMENTO E INSTALAÇÃO. AF_01/2020 | D36: UN | E36: 1,0000000 | F36: 42,00 | G36: =TRUNC(F36*E36,2) -> 42
A37: CUSTO TOTAL SEM BDI | G37: =SUM(G33:G36) -> 251.71
A38: 02.INHI.ASLM.039/02 | B38: 86943 | C38: LAVATÓRIO LOUÇA BRANCA SUSPENSO, 29,5 X 39CM OU EQUIVALENTE, PADRÃO POPULAR, INCLUSO SIFÃO FLEXÍVEL EM PVC, VÁLVULA E ENGATE FLEXÍVEL 30CM EM PLÁSTICO E TORNEIRA CROMADA DE MESA, PADRÃO POPULAR - FORNECIMENTO E INSTALAÇÃO. AF_01/2020 | D38: UN | F38: Louças e Metais
A39: SINAPI JUN 2020 DES | B39: CÓDIGO | C39: DESCRIÇAO | D39: UNIDADE | E39: CONSUMO | F39: CUSTO UNITÁRIO | G39: CUSTO TOTAL
A40: COMPOSICAO | B40: 86879 | C40: VÁLVULA EM PLÁSTICO 1 PARA PIA, TANQUE OU LAVATÓRIO, COM OU SEM LADRÃO - FORNECIMENTO E INSTALAÇÃO. AF_01/2020 | D40: UN | E40: 1,0000000 | F40: 5,76 | G40: =TRUNC(F40*E40,2) -> 5.76
A41: COMPOSICAO | B41: 86883 | C41: SIFÃO DO TIPO FLEXÍVEL EM PVC 1 X 1.1/2 - FORNECIMENTO E INSTALAÇÃO. AF_01/2020 | D41: UN | E41: 1,0000000 | F41: 10,02 | G41: =TRUNC(F41*E41,2) -> 10.02
A42: COMPOSICAO | B42: 86884 | C42: ENGATE FLEXÍVEL EM PLÁSTICO BRANCO, 1/2 X 30CM - FORNECIMENTO E INSTALAÇÃO. AF_01/2020 | D42: UN | E42: 1,0000000 | F42: 7,08 | G42: =TRUNC(F42*E42,2) -> 7.08
A43: COMPOSICAO | B43: 86904 | C43: LAVATÓRIO LOUÇA BRANCA SUSPENSO, 29,5 X 39CM OU EQUIVALENTE, PADRÃO POPULAR - FORNECIMENTO E INSTALAÇÃO. AF_01/2020 | D43: UN | E43: 1,0000000 | F43: 104,23 | G43: =TRUNC(F43*E43,2) -> 104.23
A44: COMPOSICAO | B44: 86906 | C44: TORNEIRA CROMADA DE MESA, 1/2 OU 3/4, PARA LAVATÓRIO, PADRÃO POPULAR - FORNECIMENTO E INSTALAÇÃO. AF_01/2020 | D44: UN | E44: 1,0000000 | F44: 49,70 | G44: =TRUNC(F44*E44,2) -> 49.7
A45: CUSTO TOTAL SEM BDI | G45: =SUM(G40:G44) -> 176.79
A46: 01.REVE.MUEI.015/02 | B46: 87548 | C46: MASSA ÚNICA, PARA RECEBIMENTO DE PINTURA, EM ARGAMASSA TRAÇO 1:2:8, PREPARO MANUAL, APLICADA MANUALMENTE EM FACES INTERNAS DE PAREDES, ESPESSURA DE 10MM, COM EXECUÇÃO DE TALISCAS. AF_06/2014 | D46: M2 | F46: Massa Única, Emboço Interno
A47: SINAPI JUN 2020 DES | B47: CÓDIGO | C47: DESCRIÇAO | D47: UNIDADE | E47: CONSUMO | F47: CUSTO UNITÁRIO | G47: CUSTO TOTAL
A48: COMPOSICAO | B48: 87369 | C48: ARGAMASSA TRAÇO 1:2:8 (EM VOLUME DE CIMENTO, CAL E AREIA MÉDIA ÚMIDA) PARA EMBOÇO/MASSA ÚNICA/ASSENTAMENTO DE ALVENARIA DE VEDAÇÃO, PREPARO MANUAL. AF_08/2019 | D48: M3 | E48: 0,0213000 | F48: 436,31 | G48: =TRUNC(F48*E48,2) -> 9.29
A49: COMPOSICAO | B49: 88309 | C49: PEDREIRO COM ENCARGOS COMPLEMENTARES | D49: H | E49: 0,3500000 | F49: 17,76 | G49: =TRUNC(F49*E49,2) -> 6.21
A50: COMPOSICAO | B50: 88316 | C50: SERVENTE COM ENCARGOS COMPLEMENTARES | D50: H | E50: 0,1280000 | F50: 14,37 | G50: =TRUNC(F50*E50,2) -> 1.83
A51: CUSTO TOTAL SEM BDI | G51: =SUM(G48:G50) -> 17.33
A52: 01.REVE.CHAP.004/05 | B52: 87877 | C52: CHAPISCO APLICADO EM ALVENARIAS E ESTRUTURAS DE CONCRETO INTERNAS, COM ROLO PARA TEXTURA ACRÍLICA. ARGAMASSA INDUSTRIALIZADA COM PREPARO EM MISTURADOR 300 KG. AF_06/2014 | D52: M2 | F52: Chapisco
A53: SINAPI JUN 2020 DES | B53: CÓDIGO | C53: DESCRIÇAO | D53: UNIDADE | E53: CONSUMO | F53: CUSTO UNITÁRIO | G53: CUSTO TOTAL
A54: COMPOSICAO | B54: 87393 | C54: ARGAMASSA INDUSTRIALIZADA PARA CHAPISCO ROLADO, PREPARO COM MISTURADOR DE EIXO HORIZONTAL DE 300 KG. AF_08/2019 | D54: M3 | E54: 0,0015000 | F54: 4.287,69 | G54: =TRUNC(F54*E54,2) -> 6.43
A55: COMPOSICAO | B55: 88309 | C55: PEDREIRO COM ENCARGOS COMPLEMENTARES | D55: H | E55: 0,0420000 | F55: 17,76 | G55: =TRUNC(F55*E55,2) -> 0.74
A56: COMPOSICAO | B56: 88316 | C56: SERVENTE COM ENCARGOS COMPLEMENTARES | D56: H | E56: 0,0042000 | F56: 14,37 | G56: =TRUNC(F56*E56,2) -> 0.06
A57: CUSTO TOTAL SEM BDI | G57: =SUM(G54:G56) -> 7.23
A58: 01.PINT.INTE.006/01 | B58: 88487 | C58: APLICAÇÃO MANUAL DE PINTURA COM TINTA LÁTEX PVA EM PAREDES, DUAS DEMÃOS. AF_06/2014 | D58: M2 | F58: Pintura Interna
A59: SINAPI JUN 2020 DES | B59: CÓDIGO | C59: DESCRIÇAO | D59: UNIDADE | E59: CONSUMO | F59: CUSTO UNITÁRIO | G59: CUSTO TOTAL
A60: INSUMO | B60: 7345 | C60: !EM PROCESSO DE DESATIVACAO! TINTA LATEX PVA PREMIUM, COR BRANCA | D60: L | E60: 0,3300000 | F60: 17,77 | G60: =TRUNC(F60*E60,2) -> 5.86
A61: COMPOSICAO | B61: 88310 | C61: PINTOR COM ENCARGOS COMPLEMENTARES | D61: H | E61: 0,1300000 | F61: 18,88 | G61: =TRUNC(F61*E61,2) -> 2.45
A62: COMPOSICAO | B62: 88316 | C62: SERVENTE COM ENCARGOS COMPLEMENTARES | D62: H | E62: 0,0480000 | F62: 14,37 | G62: =TRUNC(F62*E62,2) -> 0.68
A63: CUSTO TOTAL SEM BDI | G63: =SUM(G60:G62) -> 8.99
A64: 01.PARE.REP1.043/01 | B64: 89168 | C64: (COMPOSIÇÃO REPRESENTATIVA) DO SERVIÇO DE ALVENARIA DE VEDAÇÃO DE BLOCOS VAZADOS DE CERÂMICA DE 9X19X19CM (ESPESSURA 9CM), PARA EDIFICAÇÃO HABITACIONAL UNIFAMILIAR (CASA) E EDIFICAÇÃO PÚBLICA PADRÃO. AF_11/2014 | D64: M2 | F64: Composições Representativas (1)
A65: SINAPI JUN 2020 DES | B65: CÓDIGO | C65: DESCRIÇAO | D65: UNIDADE | E65: CONSUMO | F65: CUSTO UNITÁRIO | G65: CUSTO TOTAL
A66: COMPOSICAO | B66: 87495 | C66: ALVENARIA DE VEDAÇÃO DE BLOCOS CERÂMICOS FURADOS NA HORIZONTAL DE 9X19X19CM (ESPESSURA 9CM) DE PAREDES COM ÁREA LÍQUIDA MENOR QUE 6M² SEM VÃOS E ARGAMASSA DE ASSENTAMENTO COM PREPARO EM BETONEIRA. AF_06/2014 | D66: M2 | E66: 0,2334000 | F66: 63,45 | G66: =TRUNC(F66*E66,2) -> 14.8
A67: COMPOSICAO | B67: 87503 | C67: ALVENARIA DE VEDAÇÃO DE BLOCOS CERÂMICOS FURADOS NA HORIZONTAL DE 9X19X19CM (ESPESSURA 9CM) DE PAREDES COM ÁREA LÍQUIDA MAIOR OU IGUAL A 6M² SEM VÃOS E ARGAMASSA DE ASSENTAMENTO COM PREPARO EM BETONEIRA. AF_06/2014 | D67: M2 | E67: 0,2028000 | F67: 54,67 | G67: =TRUNC(F67*E67,2) -> 11.08
A68: COMPOSICAO | B68: 87511 | C68: ALVENARIA DE VEDAÇÃO DE BLOCOS CERÂMICOS FURADOS NA HORIZONTAL DE 9X19X19CM (ESPESSURA 9CM) DE PAREDES COM ÁREA LÍQUIDA MENOR QUE 6M² COM VÃOS E ARGAMASSA DE ASSENTAMENTO COM PREPARO EM BETONEIRA. AF_06/2014 | D68: M2 | E68: 0,2470000 | F68: 70,90 | G68: =TRUNC(F68*E68,2) -> 17.51
A69: COMPOSICAO | B69: 87519 | C69: ALVENARIA DE VEDAÇÃO DE BLOCOS CERÂMICOS FURADOS NA HORIZONTAL DE 9X19X19CM (ESPESSURA 9CM) DE PAREDES COM ÁREA LÍQUIDA MAIOR OU IGUAL A 6M² COM VÃOS E ARGAMASSA DE ASSENTAMENTO COM PREPARO EM BETONEIRA. AF_06/2014 | D69: M2 | E69: 0,3168000 | F69: 59,37 | G69: =TRUNC(F69*E69,2) -> 18.8
A70: CUSTO TOTAL SEM BDI | G70: =SUM(G66:G69) -> 62.19
A71: 01.PISO.REP1.016/01 | B71: 89171 | C71: (COMPOSIÇÃO REPRESENTATIVA) DO SERVIÇO DE REVESTIMENTO CERÂMICO PARA PISO COM PLACAS TIPO GRÉS DE DIMENSÕES 35X35 CM, PARA EDIFICAÇÃO HABITACIONAL UNIFAMILIAR (CASA) E EDIFICAÇÃO PÚBLICA PADRÃO. AF_11/2014 | D71: M2 | F71: Composições Representativas (1)
A72: SINAPI JUN 2020 DES | B72: CÓDIGO | C72: DESCRIÇAO | D72: UNIDADE | E72: CONSUMO | F72: CUSTO UNITÁRIO | G72: CUSTO TOTAL
A73: COMPOSICAO | B73: 87246 | C73: REVESTIMENTO CERÂMICO PARA PISO COM PLACAS TIPO ESMALTADA EXTRA DE DIMENSÕES 35X35 CM APLICADA EM AMBIENTES DE ÁREA MENOR QUE 5 M2. AF_06/2014 | D73: M2 | E73: 0,0548000 | F73: 37,02 | G73: =TRUNC(F73*E73,2) -> 2.02
A74: COMPOSICAO | B74: 87247 | C74: REVESTIMENTO CERÂMICO PARA PISO COM PLACAS TIPO ESMALTADA EXTRA DE DIMENSÕES 35X35 CM APLICADA EM AMBIENTES DE ÁREA ENTRE 5 M2 E 10 M2. AF_06/2014 | D74: M2 | E74: 0,3365000 | F74: 32,11 | G74: =TRUNC(F74*E74,2) -> 10.8
A75: COMPOSICAO | B75: 87248 | C75: REVESTIMENTO CERÂMICO PARA PISO COM PLACAS TIPO ESMALTADA EXTRA DE DIMENSÕES 35X35 CM APLICADA EM AMBIENTES DE ÁREA MAIOR QUE 10 M2. AF_06/2014 | D75: M2 | E75: 0,6087000 | F75: 28,03 | G75: =TRUNC(F75*E75,2) -> 17.06
A76: CUSTO TOTAL SEM BDI | G76: =SUM(G73:G75) -> 29.88
A77: 01.REVE.REP1.028/01 | B77: 89173 | C77: (COMPOSIÇÃO REPRESENTATIVA) DO SERVIÇO DE EMBOÇO/MASSA ÚNICA, APLICADO MANUALMENTE, TRAÇO 1:2:8, EM BETONEIRA DE 400L, PAREDES INTERNAS, COM EXECUÇÃO DE TALISCAS, EDIFICAÇÃO HABITACIONAL UNIFAMILIAR (CASAS) E EDIFICAÇÃO PÚBLICA PADRÃO. AF_12/2014 | D77: M2 | F77: Composições Representativas (1)
A78: SINAPI JUN 2020 DES | B78: CÓDIGO | C78: DESCRIÇAO | D78: UNIDADE | E78: CONSUMO | F78: CUSTO UNITÁRIO | G78: CUSTO TOTAL
A79: COMPOSICAO | B79: 87527 | C79: EMBOÇO, PARA RECEBIMENTO DE CERÂMICA, EM ARGAMASSA TRAÇO 1:2:8, PREPARO MECÂNICO COM BETONEIRA 400L, APLICADO MANUALMENTE EM FACES INTERNAS DE PAREDES, PARA AMBIENTE COM ÁREA MENOR QUE 5M2, ESPESSURA DE 20MM, COM EXECUÇÃO DE TALISCAS. AF_06/2014 | D79: M2 | E79: 0,1121000 | F79: 26,18 | G79: =TRUNC(F79*E79,2) -> 2.93
A80: COMPOSICAO | B80: 87529 | C80: MASSA ÚNICA, PARA RECEBIMENTO DE PINTURA, EM ARGAMASSA TRAÇO 1:2:8, PREPARO MECÂNICO COM BETONEIRA 400L, APLICADA MANUALMENTE EM FACES INTERNAS DE PAREDES, ESPESSURA DE 20MM, COM EXECUÇÃO DE TALISCAS. AF_06/2014 | D80: M2 | E80: 0,7339000 | F80: 23,64 | G80: =TRUNC(F80*E80,2) -> 17.34
A81: COMPOSICAO | B81: 87531 | C81: EMBOÇO, PARA RECEBIMENTO DE CERÂMICA, EM ARGAMASSA TRAÇO 1:2:8, PREPARO MECÂNICO COM BETONEIRA 400L, APLICADO MANUALMENTE EM FACES INTERNAS DE PAREDES, PARA AMBIENTE COM ÁREA ENTRE 5M2 E 10M2, ESPESSURA DE 20MM, COM EXECUÇÃO DE TALISCAS. AF_06/2014 | D81: M2 | E81: 0,1540000 | F81: 22,75 | G81: =TRUNC(F81*E81,2) -> 3.5
A82: CUSTO TOTAL SEM BDI | G82: =SUM(G79:G81) -> 23.77
A83: 02.INHI.CRSP.001/01 | B83: 89482 | C83: CAIXA SIFONADA, PVC, DN 100 X 100 X 50 MM, FORNECIDA E INSTALADA EM RAMAIS DE ENCAMINHAMENTO DE ÁGUA PLUVIAL. AF_12/2014 | D83: UN | F83: Águas pluviais - caixas e ralos
A84: SINAPI JUN 2020 DES | B84: CÓDIGO | C84: DESCRIÇAO | D84: UNIDADE | E84: CONSUMO | F84: CUSTO UNITÁRIO | G84: CUSTO TOTAL
A85: INSUMO | B85: 122 | C85: ADESIVO PLASTICO PARA PVC, FRASCO COM 850 GR | D85: UN | E85: 0,0148000 | F85: 82,47 | G85: =TRUNC(F85*E85,2) -> 1.22
A86: INSUMO | B86: 5103 | C86: CAIXA SIFONADA PVC, 100 X 100 X 50 MM, COM GRELHA REDONDA BRANCA | D86: UN | E86: 1,0000000 | F86: 11,59 | G86: =TRUNC(F86*E86,2) -> 11.59
A87: INSUMO | B87: 20078 | C87: PASTA LUBRIFICANTE PARA TUBOS E CONEXOES COM JUNTA ELASTICA (USO EM PVC, ACO, POLIETILENO E OUTROS) ( DE *400* G) | D87: UN | E87: 0,0200000 | F87: 30,20 | G87: =TRUNC(F87*E87,2) -> 0.6
A88: INSUMO | B88: 20083 | C88: SOLUCAO LIMPADORA PARA PVC, FRASCO COM 1000 CM3 | D88: UN | E88: 0,0225000 | F88: 71,62 | G88: =TRUNC(F88*E88,2) -> 1.61
A89: INSUMO | B89: 20085 | C89: ANEL BORRACHA, DN 50 MM, PARA TUBO SERIE REFORCADA ESGOTO PREDIAL | D89: UN | E89: 1,0000000 | F89: 1,66 | G89: =TRUNC(F89*E89,2) -> 1.66
A90: INSUMO | B90: 38383 | C90: LIXA D'AGUA EM FOLHA, GRAO 100 | D90: UN | E90: 0,0365000 | F90: 1,99 | G90: =TRUNC(F90*E90,2) -> 0.07
A91: COMPOSICAO | B91: 88248 | C91: AUXILIAR DE ENCANADOR OU BOMBEIRO HIDRÁULICO COM ENCARGOS COMPLEMENTARES | D91: H | E91: 0,1350000 | F91: 13,87 | G91: =TRUNC(F91*E91,2) -> 1.87
A92: COMPOSICAO | B92: 88267 | C92: ENCANADOR OU BOMBEIRO HIDRÁULICO COM ENCARGOS COMPLEMENTARES | D92: H | E92: 0,1350000 | F92: 17,79 | G92: =TRUNC(F92*E92,2) -> 2.4
A93: CUSTO TOTAL SEM BDI | G93: =SUM(G85:G92) -> 21.02
A94: 02.INHI.ESGT.001/01 | B94: 89711 | C94: TUBO PVC, SERIE NORMAL, ESGOTO PREDIAL, DN 40 MM, FORNECIDO E INSTALADO EM RAMAL DE DESCARGA OU RAMAL DE ESGOTO SANITÁRIO. AF_12/2014 | D94: M | F94: Esgoto - tubos e conexões
A95: SINAPI JUN 2020 DES | B95: CÓDIGO | C95: DESCRIÇAO | D95: UNIDADE | E95: CONSUMO | F95: CUSTO UNITÁRIO | G95: CUSTO TOTAL
A96: INSUMO | B96: 9835 | C96: TUBO PVC SERIE NORMAL, DN 40 MM, PARA ESGOTO PREDIAL (NBR 5688) | D96: M | E96: 1,0500000 | F96: 3,69 | G96: =TRUNC(F96*E96,2) -> 3.87
A97: INSUMO | B97: 38383 | C97: LIXA D'AGUA EM FOLHA, GRAO 100 | D97: UN | E97: 0,1000000 | F97: 1,99 | G97: =TRUNC(F97*E97,2) -> 0.19
A98: COMPOSICAO | B98: 88248 | C98: AUXILIAR DE ENCANADOR OU BOMBEIRO HIDRÁULICO COM ENCARGOS COMPLEMENTARES | D98: H | E98: 0,3000000 | F98: 13,87 | G98: =TRUNC(F98*E98,2) -> 4.16
A99: COMPOSICAO | B99: 88267 | C99: ENCANADOR OU BOMBEIRO HIDRÁULICO COM ENCARGOS COMPLEMENTARES | D99: H | E99: 0,3000000 | F99: 17,79 | G99: =TRUNC(F99*E99,2) -> 5.33
A100: CUSTO TOTAL SEM BDI | G100: =SUM(G96:G99) -> 13.55
...
